Workbook
Name ___sub1: #REF!
Name ___sub1: #REF!
Name ___sub2: #REF!
Name ___sub2: #REF!
Name ___sub3: #REF!
Name ___sub3: #REF!
Name _0: "$#REF!.$N$2:$N$2"
Name _i: #REF!
Name _i: #REF!
Name _i_2: "FINANCEIRO.$#REF!$#REF!"
Name _l: #REF!
Name _l: #REF!
Name _l_2: "FINANCEIRO.$#REF!$#REF!"
Name _s: #REF!
Name _s: #REF!
Name _s_2: "FINANCEIRO.$#REF!$#REF!"
Name _sub1: #REF!
Name _sub1: #REF!
Name _sub2: #REF!
Name _sub2: #REF!
Name _sub3: #REF!
Name _sub3: #REF!
Name _t: #REF!
Name _t: #REF!
Name _t_2: "FINANCEIRO.$#REF!$#REF!"
Name a: #REF!
Name Acréscimo_de_hora_extra: #REF!
Name Acréscimo_feriado: #REF!
Name Adicional_noturno: #REF!
Name Ajudante_diu_cap_mec: #REF!
Name Ajudante_diu_cap_mec_res: #REF!
Name Ajudante_diu_eq_padrão: #REF!
Name Ajudante_diu_eq_padrão_res: #REF!
Name Ajudante_diu_lav_vias: #REF!
Name Ajudante_diu_lav_vias_res: #REF!
Name Ajudante_diu_op_aterro: #REF!
Name Ajudante_diu_op_aterro_res: #REF!
Name Ajudante_diu_usi_rec_comp: #REF!
Name Ajudante_diu_usi_rec_comp_res: #REF!
Name Ajudante_diu_usi_tra_RSSS: #REF!
Name Ajudante_diu_usi_tra_RSSS_res: #REF!
Name Ajudante_not_cap_mec: #REF!
Name Ajudante_not_cap_mec_res: #REF!
Name Ajudante_not_eq_padrão: #REF!
Name Ajudante_not_eq_padrão_res: #REF!
Name Ajudante_not_lav_vias: #REF!
Name Ajudante_not_lav_vias_res: #REF!
Name Ajudante_not_op_aterro: #REF!
Name Ajudante_not_op_aterro_res: #REF!
Name Ajudante_not_usi_rec_comp: #REF!
Name Ajudante_not_usi_rec_comp_res: #REF!
Name Ajudante_not_usi_tra_RSSS: #REF!
Name Ajudante_not_usi_tra_RSSS_res: #REF!
Name Análise: #REF!
Name AnimCapa: #REF!
Name AnimDetalhes: #REF!
Name Apoio: #REF!
Name AREA: #REF!
Name Área_impressão_IM_1: "$#REF!.$B$2:$L$41"
Name Área_impressão_IM_2: "$CRONO.$#REF!$#REF!:$#REF!$#REF!"

Sheet ANEXO V
B2: PREFEITURA MUNICIPAL DE SANTANA DO PARAÍSO SECRETARIA MUNICIPAL DE OBRAS, SERVIÇOS URBANOS E MEIO AMBIENTE
B3: ='MEMORIA DE CAL.'!B5 -> OBRA: OBRA DE DRENAGEM E PAVIMENTAÇÃO ASFALTICA NO BAIRRO ÁGUAS CLARAS NO MUNICÍPIO DE SANTANA DO PARAÍSO/MG
B4: ='MEMORIA DE CAL.'!B6 -> ENDEREÇO DA OBRA: RUA AVENCA, RUA TULIPA E RUA ROSA,BAIRRO AGUAS CLARAS - SANTANA DO PARAÍSO - MG.
B5: ='MEMORIA DE CAL.'!B7 -> PRAZO DE EXECUÇÃO: 03 MESES | J5: ( ) COM DESONERAÇÃO
B6: ='MEMORIA DE CAL.'!B8 -> BASES ORÇAMENTÁRIAS: SINAPI ABRIL/2024 - SEM DESONERAÇÃO; SICRO MG JAN/2026; SUDECAP 10/2025 - SEM DESONERAÇÃO; SEINFRA 01/2026 REGIÃO LESTE - SEM DESONERAÇÃO. | J6: ( ) SEM DESONERAÇÃO
J7: BDI:
B8: ANEXO V - MODELO DE PLANILHA ORÇAMENTÁRIA
B9: ITEM | C9: BASE DE REFERÊNCIA | D9: CÓDIGO | E9: DESCRIÇÃO | F9: UND | G9: QUANT. | H9: VALOR UNITÁRIO | K9: VALOR TOTAL ORÇAMENTO C/ BDI
H10: SEM BDI | I10: TOTAL S/ BDI | J10: COM BDI
B11: 1 | E11: =VLOOKUP($B11,'MEMORIA DE CAL.'!$B:$M,4,FALSE) -> ADMINISTRAÇÃO LOCAL
B12: 1.1 | C12: =VLOOKUP($B12,'MEMORIA DE CAL.'!$B:$M,2,FALSE) -> COMPOSIÇÃO | D12: =VLOOKUP($B12,'MEMORIA DE CAL.'!$B:$M,3,FALSE) -> CPU-001 | E12: =VLOOKUP($B12,'MEMORIA DE CAL.'!$B:$M,4,FALSE) -> ADMINISTRAÇÃO LOCAL DA OBRA | F12: =VLOOKUP($B12,'MEMORIA DE CAL.'!$B:$M,5,FALSE) -> UNID. | G12: =VLOOKUP($B12,'MEMORIA DE CAL.'!$B:$M,11,FALSE) -> #REF!
B13: 2 | E13: =VLOOKUP($B13,'MEMORIA DE CAL.'!$B:$M,4,FALSE) -> INSTALAÇÕES INICIAIS DA OBRA
B14: 2.1 | C14: =VLOOKUP($B14,'MEMORIA DE CAL.'!$B:$M,2,FALSE) -> SEINFRA | D14: =VLOOKUP($B14,'MEMORIA DE CAL.'!$B:$M,3,FALSE) -> ED-28427 | E14: =VLOOKUP($B14,'MEMORIA DE CAL.'!$B:$M,4,FALSE) -> FORNECIMENTO E COLOCAÇÃO DE PLACA DE OBRA EM CHAPA GALVANIZADA #26, ESP. 0,45MM, DIMENSÃO (3X1,5)M, PLOTADA COM ADESIVO VINÍLICO, AFIXADA COM REBITES 4,8X40MM, EM ESTRUTURA METÁLICA DE METALON 20X20MM, ESP. 1,25MM, INCLUSIVE SUPORTE EM EUCALIPTO AUTOCLAVADO PINTADO COM TINTA PVA DUAS (2) DEMÃOS | F14: =VLOOKUP($B14,'MEMORIA DE CAL.'!$B:$M,5,FALSE) -> UN | G14: =VLOOKUP($B14,'MEMORIA DE CAL.'!$B:$M,11,FALSE) -> 1
B15: 2.2 | C15: =VLOOKUP($B15,'MEMORIA DE CAL.'!$B:$M,2,FALSE) -> SEINFRA | D15: =VLOOKUP($B15,'MEMORIA DE CAL.'!$B:$M,3,FALSE) -> ED-50137 | E15: =VLOOKUP($B15,'MEMORIA DE CAL.'!$B:$M,4,FALSE) -> MOBILIZAÇÃO E DESMOBILIZAÇÃO DE CONTAINER, INCLUSIVE CARGA, DESCARGA E TRANSPORTE EM CAMINHÃO CARROCERIA COM GUINDAUTO (MUNCK), EXCLUSIVE LOCAÇÃO DO CONTAINER | F15: =VLOOKUP($B15,'MEMORIA DE CAL.'!$B:$M,5,FALSE) -> UN | G15: =VLOOKUP($B15,'MEMORIA DE CAL.'!$B:$M,11,FALSE) -> 1
B16: 2.3 | C16: =VLOOKUP($B16,'MEMORIA DE CAL.'!$B:$M,2,FALSE) -> SEINFRA | D16: =VLOOKUP($B16,'MEMORIA DE CAL.'!$B:$M,3,FALSE) -> ED-16358 | E16: =VLOOKUP($B16,'MEMORIA DE CAL.'!$B:$M,4,FALSE) -> LIGAÇÕES PROVISÓRIAS PARA CONTAINER TIPO 3 (CORRESPONDENTE AO CÓDIGO ED-16350) | F16: =VLOOKUP($B16,'MEMORIA DE CAL.'!$B:$M,5,FALSE) -> UN | G16: =VLOOKUP($B16,'MEMORIA DE CAL.'!$B:$M,11,FALSE) -> 1
B17: 2.4 | C17: =VLOOKUP($B17,'MEMORIA DE CAL.'!$B:$M,2,FALSE) -> SEINFRA | D17: =VLOOKUP($B17,'MEMORIA DE CAL.'!$B:$M,3,FALSE) -> ED-16350 | E17: =VLOOKUP($B17,'MEMORIA DE CAL.'!$B:$M,4,FALSE) -> LOCAÇÃO DE CONTAINER COM ISOLAMENTO TÉRMICO, TIPO 3, PARA DEPÓSITO/FERRAMENTARIA DE OBRA, COM MEDIDAS REFERENCIAIS DE (6) METROS COMPRIMENTO, (2,3) METROS LARGURA E (2,5) METROS ALTURA ÚTIL INTERNA, INCLUSIVE LIGAÇÕES ELÉTRICAS INTERNAS, EXCLUSIVE MOBILIZAÇÃO/DESMOBILIZAÇÃO E LIGAÇÕES PROVISÓRIAS EXTERNAS | F17: =VLOOKUP($B17,'MEMORIA DE CAL.'!$B:$M,5,FALSE) -> MÊS | G17: =VLOOKUP($B17,'MEMORIA DE CAL.'!$B:$M,11,FALSE) -> 3
B18: 2.5 | C18: =VLOOKUP($B18,'MEMORIA DE CAL.'!$B:$M,2,FALSE) -> SEINFRA | D18: =VLOOKUP($B18,'MEMORIA DE CAL.'!$B:$M,3,FALSE) -> ED-50155 | E18: =VLOOKUP($B18,'MEMORIA DE CAL.'!$B:$M,4,FALSE) -> LOCAÇÃO DE BANHEIRO QUÍMICO, DIMENSÃO (110X120X230)CM, LINHA PADRÃO, CONTENDO UMA (1) PIA/HIGIENIZADOR DE MÃOS, INCLUSIVE MANUTENÇÃO E MOBILIZAÇÃO/DESMOBILIZAÇÃO | F18: =VLOOKUP($B18,'MEMORIA DE CAL.'!$B:$M,5,FALSE) -> MÊS | G18: =VLOOKUP($B18,'MEMORIA DE CAL.'!$B:$M,11,FALSE) -> 3
B19: 3 | E19: =VLOOKUP($B19,'MEMORIA DE CAL.'!$B:$M,4,FALSE) -> TERRAPLENAGEM
B20: 3.1 | C20: =VLOOKUP($B20,'MEMORIA DE CAL.'!$B:$M,2,FALSE) -> SEINFRA | D20: =VLOOKUP($B20,'MEMORIA DE CAL.'!$B:$M,3,FALSE) -> ED-51103 | E20: =VLOOKUP($B20,'MEMORIA DE CAL.'!$B:$M,4,FALSE) -> ESCAVAÇÃO MECÂNICA HORIZONTAL, COM TRATOR DE ESTEIRA, EM MATERIAL DE 1ª CATEGORIA, INCLUSIVE AFASTAMENTO E EMPILHAMENTO COM DISTÂNCIA MÁXIMA DE ATÉ CINQUENTA (50) METROS, EXCLUSIVE CARGA, TRANSPORTE E DESGARGA | F20: =VLOOKUP($B20,'MEMORIA DE CAL.'!$B:$M,5,FALSE) -> M3 | G20: =VLOOKUP($B20,'MEMORIA DE CAL.'!$B:$M,11,FALSE) -> 1776.01
B21: 3.2 | C21: =VLOOKUP($B21,'MEMORIA DE CAL.'!$B:$M,2,FALSE) -> SINAPI | D21: =VLOOKUP($B21,'MEMORIA DE CAL.'!$B:$M,3,FALSE) -> 105556 | E21: =VLOOKUP($B21,'MEMORIA DE CAL.'!$B:$M,4,FALSE) -> EXECUÇÃO E COMPACTAÇÃO DE CORPO DE ATERRO DE ATERRO (95% DE ENERGIA DO PROCTOR NORMAL) COM SOLO PREDOMINANTEMENTE ARGILOSO, EM CAMADAS COM ESPESSURA DE 10 CM - EXCLUSIVE ESCAVAÇÃO, CARGA E TRANSPORTE E SOLO. AF_09/2024 | F21: =VLOOKUP($B21,'MEMORIA DE CAL.'!$B:$M,5,FALSE) -> M3 | G21: =VLOOKUP($B21,'MEMORIA DE CAL.'!$B:$M,11,FALSE) -> 174.94
B22: 3.3 | C22: =VLOOKUP($B22,'MEMORIA DE CAL.'!$B:$M,2,FALSE) -> SINAPI | D22: =VLOOKUP($B22,'MEMORIA DE CAL.'!$B:$M,3,FALSE) -> 100978 | E22: =VLOOKUP($B22,'MEMORIA DE CAL.'!$B:$M,4,FALSE) -> CARGA, MANOBRA E DESCARGA DE SOLOS E MATERIAIS GRANULARES EM CAMINHÃO BASCULANTE 10 M³ - CARGA COM ESCAVADEIRA HIDRÁULICA (CAÇAMBA DE 1,20 M³ / 155 HP) E DESCARGA LIVRE (UNIDADE: M3). AF_02/2026 | F22: =VLOOKUP($B22,'MEMORIA DE CAL.'!$B:$M,5,FALSE) -> M3 | G22: =VLOOKUP($B22,'MEMORIA DE CAL.'!$B:$M,11,FALSE) -> 2081.39
B23: 3.4 | C23: =VLOOKUP($B23,'MEMORIA DE CAL.'!$B:$M,2,FALSE) -> SINAPI | D23: =VLOOKUP($B23,'MEMORIA DE CAL.'!$B:$M,3,FALSE) -> 95875 | E23: =VLOOKUP($B23,'MEMORIA DE CAL.'!$B:$M,4,FALSE) -> TRANSPORTE COM CAMINHÃO BASCULANTE DE 10 M³, EM VIA URBANA PAVIMENTADA, DMT ATÉ 30 KM (UNIDADE: M3XKM). AF_02/2026 | F23: =VLOOKUP($B23,'MEMORIA DE CAL.'!$B:$M,5,FALSE) -> M3XKM | G23: =VLOOKUP($B23,'MEMORIA DE CAL.'!$B:$M,11,FALSE) -> 5827.89
B24: 3.5 | C24: =VLOOKUP($B24,'MEMORIA DE CAL.'!$B:$M,2,FALSE) -> SINAPI | D24: =VLOOKUP($B24,'MEMORIA DE CAL.'!$B:$M,3,FALSE) -> 100574 | E24: =VLOOKUP($B24,'MEMORIA DE CAL.'!$B:$M,4,FALSE) -> ESPALHAMENTO DE MATERIAL COM TRATOR DE ESTEIRAS. AF_09/2024 | F24: =VLOOKUP($B24,'MEMORIA DE CAL.'!$B:$M,5,FALSE) -> M3 | G24: =VLOOKUP($B24,'MEMORIA DE CAL.'!$B:$M,11,FALSE) -> 2081.39
B25: 4 | E25: =VLOOKUP($B25,'MEMORIA DE CAL.'!$B:$M,4,FALSE) -> DRENAGEM
B26: 4.1 | C26: =VLOOKUP($B26,'MEMORIA DE CAL.'!$B:$M,2,FALSE) -> SINAPI | D26: =VLOOKUP($B26,'MEMORIA DE CAL.'!$B:$M,3,FALSE) -> 90082 | E26: =VLOOKUP($B26,'MEMORIA DE CAL.'!$B:$M,4,FALSE) -> ESCAVAÇÃO MECANIZADA DE VALA COM PROF. ATÉ 1,5 M (MÉDIA MONTANTE E JUSANTE/UMA COMPOSIÇÃO POR TRECHO), ESCAVADEIRA (0,8 M3), LARG. DE 1,5 M A 2,5 M, EM SOLO DE 1A CATEGORIA, EM LOCAIS COM ALTO NÍVEL DE INTERFERÊNCIA. AF_09/2024 | F26: =VLOOKUP($B26,'MEMORIA DE CAL.'!$B:$M,5,FALSE) -> M3 | G26: =VLOOKUP($B26,'MEMORIA DE CAL.'!$B:$M,11,FALSE) -> 27.5
B27: 4.2 | C27: =VLOOKUP($B27,'MEMORIA DE CAL.'!$B:$M,2,FALSE) -> SINAPI | D27: =VLOOKUP($B27,'MEMORIA DE CAL.'!$B:$M,3,FALSE) -> 102278 | E27: =VLOOKUP($B27,'MEMORIA DE CAL.'!$B:$M,4,FALSE) -> ESCAVAÇÃO MECANIZADA DE VALA COM PROF. MAIOR QUE 1,50 M ATÉ 3,0 M (MÉDIA MONTANTE E JUSANTE/UMA COMPOSIÇÃO POR TRECHO), ESCAVADEIRA (1,2 M3), LARG. DE 1,5 M A 2,5 M, EM SOLO DE 1A CATEGORIA, EM LOCAIS COM ALTO NÍVEL DE INTERFERÊNCIA. AF_09/2024 | F27: =VLOOKUP($B27,'MEMORIA DE CAL.'!$B:$M,5,FALSE) -> M3 | G27: =VLOOKUP($B27,'MEMORIA DE CAL.'!$B:$M,11,FALSE) -> 665.3
B28: 4.3 | C28: =VLOOKUP($B28,'MEMORIA DE CAL.'!$B:$M,2,FALSE) -> SINAPI | D28: =VLOOKUP($B28,'MEMORIA DE CAL.'!$B:$M,3,FALSE) -> 101619 | E28: =VLOOKUP($B28,'MEMORIA DE CAL.'!$B:$M,4,FALSE) -> PREPARO DE FUNDO DE VALA COM LARGURA MENOR QUE 1,5 M, COM CAMADA DE BRITA, LANÇAMENTO MANUAL. AF_08/2020 | F28: =VLOOKUP($B28,'MEMORIA DE CAL.'!$B:$M,5,FALSE) -> M3 | G28: =VLOOKUP($B28,'MEMORIA DE CAL.'!$B:$M,11,FALSE) -> 52.58
B29: 4.4 | C29: =VLOOKUP($B29,'MEMORIA DE CAL.'!$B:$M,2,FALSE) -> SINAPI | D29: =VLOOKUP($B29,'MEMORIA DE CAL.'!$B:$M,3,FALSE) -> 104737 | E29: =VLOOKUP($B29,'MEMORIA DE CAL.'!$B:$M,4,FALSE) -> REATERRO MANUAL DE VALAS, COM PLACA VIBRATÓRIA. AF_08/2023 | F29: =VLOOKUP($B29,'MEMORIA DE CAL.'!$B:$M,5,FALSE) -> M3 | G29: =VLOOKUP($B29,'MEMORIA DE CAL.'!$B:$M,11,FALSE) -> 241.93
B30: 4.5 | C30: =VLOOKUP($B30,'MEMORIA DE CAL.'!$B:$M,2,FALSE) -> SINAPI | D30: =VLOOKUP($B30,'MEMORIA DE CAL.'!$B:$M,3,FALSE) -> 104730 | E30: =VLOOKUP($B30,'MEMORIA DE CAL.'!$B:$M,4,FALSE) -> REATERRO MECANIZADO DE VALA COM ESCAVADEIRA HIDRÁULICA (CAPACIDADE DA CAÇAMBA: 0,8 M³/POTÊNCIA: 111 HP), LARGURA DE 1,5 A 2,5 M, PROFUNDIDADE DE 1,5 A 3,0 M, COM SOLO (SEM SUBSTITUIÇÃO) DE 1ª CATEGORIA, COM PLACA VIBRATÓRIA. AF_08/2023 | F30: =VLOOKUP($B30,'MEMORIA DE CAL.'!$B:$M,5,FALSE) -> M3 | G30: =VLOOKUP($B30,'MEMORIA DE CAL.'!$B:$M,11,FALSE) -> 323.01
B31: 4.6 | C31: =VLOOKUP($B31,'MEMORIA DE CAL.'!$B:$M,2,FALSE) -> SINAPI | D31: =VLOOKUP($B31,'MEMORIA DE CAL.'!$B:$M,3,FALSE) -> 100978 | E31: =VLOOKUP($B31,'MEMORIA DE CAL.'!$B:$M,4,FALSE) -> CARGA, MANOBRA E DESCARGA DE SOLOS E MATERIAIS GRANULARES EM CAMINHÃO BASCULANTE 10 M³ - CARGA COM ESCAVADEIRA HIDRÁULICA (CAÇAMBA DE 1,20 M³ / 155 HP) E DESCARGA LIVRE (UNIDADE: M3). AF_02/2026 | F31: =VLOOKUP($B31,'MEMORIA DE CAL.'!$B:$M,5,FALSE) -> M3 | G31: =VLOOKUP($B31,'MEMORIA DE CAL.'!$B:$M,11,FALSE) -> 517.49
B32: 4.7 | C32: =VLOOKUP($B32,'MEMORIA DE CAL.'!$B:$M,2,FALSE) -> SINAPI | D32: =VLOOKUP($B32,'MEMORIA DE CAL.'!$B:$M,3,FALSE) -> 95875 | E32: =VLOOKUP($B32,'MEMORIA DE CAL.'!$B:$M,4,FALSE) -> TRANSPORTE COM CAMINHÃO BASCULANTE DE 10 M³, EM VIA URBANA PAVIMENTADA, DMT ATÉ 30 KM (UNIDADE: M3XKM). AF_02/2026 | F32: =VLOOKUP($B32,'MEMORIA DE CAL.'!$B:$M,5,FALSE) -> M3XKM | G32: =VLOOKUP($B32,'MEMORIA DE CAL.'!$B:$M,11,FALSE) -> 1241.85
B33: 4.8 | C33: =VLOOKUP($B33,'MEMORIA DE CAL.'!$B:$M,2,FALSE) -> SINAPI | D33: =VLOOKUP($B33,'MEMORIA DE CAL.'!$B:$M,3,FALSE) -> 100574 | E33: =VLOOKUP($B33,'MEMORIA DE CAL.'!$B:$M,4,FALSE) -> ESPALHAMENTO DE MATERIAL COM TRATOR DE ESTEIRAS. AF_09/2024 | F33: =VLOOKUP($B33,'MEMORIA DE CAL.'!$B:$M,5,FALSE) -> M3 | G33: =VLOOKUP($B33,'MEMORIA DE CAL.'!$B:$M,11,FALSE) -> 517.49
B34: 4.9 | C34: =VLOOKUP($B34,'MEMORIA DE CAL.'!$B:$M,2,FALSE) -> SINAPI | D34: =VLOOKUP($B34,'MEMORIA DE CAL.'!$B:$M,3,FALSE) -> 101573 | E34: =VLOOKUP($B34,'MEMORIA DE CAL.'!$B:$M,4,FALSE) -> ESCORAMENTO DE VALA, TIPO PONTALETEAMENTO, COM PROFUNDIDADE DE 1,5 A 3,0 M, LARGURA MAIOR OU IGUAL A 1,5 M E MENOR QUE 2,5 M. AF_01/2026 | F34: =VLOOKUP($B34,'MEMORIA DE CAL.'!$B:$M,5,FALSE) -> M2 | G34: =VLOOKUP($B34,'MEMORIA DE CAL.'!$B:$M,11,FALSE) -> 1056.33
B35: 4.10 | C35: =VLOOKUP($B35,'MEMORIA DE CAL.'!$B:$M,2,FALSE) -> SINAPI | D35: =VLOOKUP($B35,'MEMORIA DE CAL.'!$B:$M,3,FALSE) -> 92219 | E35: =VLOOKUP($B35,'MEMORIA DE CAL.'!$B:$M,4,FALSE) -> TUBO DE CONCRETO PARA REDES COLETORAS DE ÁGUAS PLUVIAIS, DIÂMETRO DE 400 MM, JUNTA RÍGIDA, INSTALADO EM LOCAL COM ALTO NÍVEL DE INTERFERÊNCIAS - FORNECIMENTO E ASSENTAMENTO. AF_03/2024 | F35: =VLOOKUP($B35,'MEMORIA DE CAL.'!$B:$M,5,FALSE) -> M | G35: =VLOOKUP($B35,'MEMORIA DE CAL.'!$B:$M,11,FALSE) -> 65
B36: 4.11 | C36: =VLOOKUP($B36,'MEMORIA DE CAL.'!$B:$M,2,FALSE) -> SINAPI | D36: =VLOOKUP($B36,'MEMORIA DE CAL.'!$B:$M,3,FALSE) -> 92221 | E36: =VLOOKUP($B36,'MEMORIA DE CAL.'!$B:$M,4,FALSE) -> TUBO DE CONCRETO PARA REDES COLETORAS DE ÁGUAS PLUVIAIS, DIÂMETRO DE 600 MM, JUNTA RÍGIDA, INSTALADO EM LOCAL COM ALTO NÍVEL DE INTERFERÊNCIAS - FORNECIMENTO E ASSENTAMENTO. AF_03/2024 | F36: =VLOOKUP($B36,'MEMORIA DE CAL.'!$B:$M,5,FALSE) -> M | G36: =VLOOKUP($B36,'MEMORIA DE CAL.'!$B:$M,11,FALSE) -> 236.6
B37: 4.12 | C37: =VLOOKUP($B37,'MEMORIA DE CAL.'!$B:$M,2,FALSE) -> SINAPI | D37: =VLOOKUP($B37,'MEMORIA DE CAL.'!$B:$M,3,FALSE) -> 99259 | E37: =VLOOKUP($B37,'MEMORIA DE CAL.'!$B:$M,4,FALSE) -> BASE PARA POÇO DE VISITA RETANGULAR PARA DRENAGEM, EM ALVENARIA COM BLOCOS DE CONCRETO, DIMENSÕES INTERNAS = 1X1,5 M, PROFUNDIDADE = 1,40 M, EXCLUINDO TAMPÃO. AF_12/2020 | F37: =VLOOKUP($B37,'MEMORIA DE CAL.'!$B:$M,5,FALSE) -> UN | G37: =VLOOKUP($B37,'MEMORIA DE CAL.'!$B:$M,11,FALSE) -> 12
... B43: 4.18 | C43: =VLOOKUP($B43,'MEMORIA DE CAL.'!$B:$M,2,FALSE) -> SINAPI | D43: =VLOOKUP($B43,'MEMORIA DE CAL.'!$B:$M,3,FALSE) -> 94287 | E43: =VLOOKUP($B43,'MEMORIA DE CAL.'!$B:$M,4,FALSE) -> EXECUÇÃO DE SARJETA DE CONCRETO USINADO, MOLDADA IN LOCO EM TRECHO RETO, 30 CM BASE X 10 CM ALTURA. AF_01/2024 | F43: =VLOOKUP($B43,'MEMORIA DE CAL.'!$B:$M,5,FALSE) -> M | G43: =VLOOKUP($B43,'MEMORIA DE CAL.'!$B:$M,11,FALSE) -> 523.91
B44: 5 | E44: =VLOOKUP($B44,'MEMORIA DE CAL.'!$B:$M,4,FALSE) -> PAVIMENTAÇÃO ASFÁLTICA
B45: 5.1 | C45: =VLOOKUP($B45,'MEMORIA DE CAL.'!$B:$M,2,FALSE) -> SINAPI | D45: =VLOOKUP($B45,'MEMORIA DE CAL.'!$B:$M,3,FALSE) -> 100576 | E45: =VLOOKUP($B45,'MEMORIA DE CAL.'!$B:$M,4,FALSE) -> REGULARIZAÇÃO E COMPACTAÇÃO DE SUBLEITO DE SOLO PREDOMINANTEMENTE ARGILOSO, PARA OBRAS DE CONSTRUÇÃO DE PAVIMENTOS. AF_09/2024 | F45: =VLOOKUP($B45,'MEMORIA DE CAL.'!$B:$M,5,FALSE) -> M2 | G45: =VLOOKUP($B45,'MEMORIA DE CAL.'!$B:$M,11,FALSE) -> 2069.14
B46: 5.2 | C46: =VLOOKUP($B46,'MEMORIA DE CAL.'!$B:$M,2,FALSE) -> SINAPI | D46: =VLOOKUP($B46,'MEMORIA DE CAL.'!$B:$M,3,FALSE) -> 105730 | E46: =VLOOKUP($B46,'MEMORIA DE CAL.'!$B:$M,4,FALSE) -> CONSTRUÇÃO DE BASE E SUB-BASE PARA PAVIMENTAÇÃO DE BRITA GRADUADA SIMPLES, COM ESPESSURA DE 20CM - EXCLUSIVE CARGA E TRANSPORTE. AF_09/2024 | F46: =VLOOKUP($B46,'MEMORIA DE CAL.'!$B:$M,5,FALSE) -> M3 | G46: =VLOOKUP($B46,'MEMORIA DE CAL.'!$B:$M,11,FALSE) -> 413.82
B47: 5.3 | C47: =VLOOKUP($B47,'MEMORIA DE CAL.'!$B:$M,2,FALSE) -> SEINFRA | D47: =VLOOKUP($B47,'MEMORIA DE CAL.'!$B:$M,3,FALSE) -> ED-51132 | E47: =VLOOKUP($B47,'MEMORIA DE CAL.'!$B:$M,4,FALSE) -> CARGA MECÂNICA DE MATERIAL DE QUALQUER NATUREZA SOBRE CAMINHÃO, EXCLUSIVE TRANSPORTE | F47: =VLOOKUP($B47,'MEMORIA DE CAL.'!$B:$M,5,FALSE) -> M3 | G47: =VLOOKUP($B47,'MEMORIA DE CAL.'!$B:$M,11,FALSE) -> 413.82
B48: 5.4 | C48: =VLOOKUP($B48,'MEMORIA DE CAL.'!$B:$M,2,FALSE) -> SINAPI | D48: =VLOOKUP($B48,'MEMORIA DE CAL.'!$B:$M,3,FALSE) -> 95875 | E48: =VLOOKUP($B48,'MEMORIA DE CAL.'!$B:$M,4,FALSE) -> TRANSPORTE COM CAMINHÃO BASCULANTE DE 10 M³, EM VIA URBANA PAVIMENTADA, DMT ATÉ 30 KM (UNIDADE: M3XKM). AF_07/2020 | F48: =VLOOKUP($B48,'MEMORIA DE CAL.'!$B:$M,5,FALSE) -> M3XKM | G48: =VLOOKUP($B48,'MEMORIA DE CAL.'!$B:$M,11,FALSE) -> 4262.42
B49: 5.5 | C49: =VLOOKUP($B49,'MEMORIA DE CAL.'!$B:$M,2,FALSE) -> SICRO/DNIT | D49: =VLOOKUP($B49,'MEMORIA DE CAL.'!$B:$M,3,FALSE) -> 4011352 | E49: =VLOOKUP($B49,'MEMORIA DE CAL.'!$B:$M,4,FALSE) -> IMPRIMAÇÃO COM EMULSÃO ASFÁLTICA (EAI) | F49: =VLOOKUP($B49,'MEMORIA DE CAL.'!$B:$M,5,FALSE) -> M² | G49: =VLOOKUP($B49,'MEMORIA DE CAL.'!$B:$M,11,FALSE) -> 1911.96
B50: 5.6 | C50: =VLOOKUP($B50,'MEMORIA DE CAL.'!$B:$M,2,FALSE) -> DER-MG - ARP 231/2024 (Preço unit. Com ICMS) | D50: =VLOOKUP($B50,'MEMORIA DE CAL.'!$B:$M,3,FALSE) -> 321370 | E50: =VLOOKUP($B50,'MEMORIA DE CAL.'!$B:$M,4,FALSE) -> FORNECIMENTO DE MATERIAL BETUMINOSO EAI - EMULSÃO ASFÁLTICA PARA IMPRIMAÇÃO | F50: =VLOOKUP($B50,'MEMORIA DE CAL.'!$B:$M,5,FALSE) -> T | G50: =VLOOKUP($B50,'MEMORIA DE CAL.'!$B:$M,11,FALSE) -> 2.47
B51: 5.7 | C51: =VLOOKUP($B51,'MEMORIA DE CAL.'!$B:$M,2,FALSE) -> SICRO/DNIT | D51: =VLOOKUP($B51,'MEMORIA DE CAL.'!$B:$M,3,FALSE) -> 5914622 | E51: =VLOOKUP($B51,'MEMORIA DE CAL.'!$B:$M,4,FALSE) -> TRANSPORTE DE MATERIAL BETUMINOSO COM CAMINHÃO TANQUE DISTRIBUIDOR - RODOVIA PAVIMENTADA | F51: =VLOOKUP($B51,'MEMORIA DE CAL.'!$B:$M,5,FALSE) -> TXKM | G51: =VLOOKUP($B51,'MEMORIA DE CAL.'!$B:$M,11,FALSE) -> 0.82
B52: 5.8 | C52: =VLOOKUP($B52,'MEMORIA DE CAL.'!$B:$M,2,FALSE) -> SICRO/DNIT | D52: =VLOOKUP($B52,'MEMORIA DE CAL.'!$B:$M,3,FALSE) -> 4011353 | E52: =VLOOKUP($B52,'MEMORIA DE CAL.'!$B:$M,4,FALSE) -> PINTURA DE LIGAÇÃO | F52: =VLOOKUP($B52,'MEMORIA DE CAL.'!$B:$M,5,FALSE) -> M² | G52: =VLOOKUP($B52,'MEMORIA DE CAL.'!$B:$M,11,FALSE) -> 1911.96
B53: 5.9 | C53: =VLOOKUP($B53,'MEMORIA DE CAL.'!$B:$M,2,FALSE) -> DER-MG - ARP 231/2024 (Preço unit. Com ICMS) | D53: =VLOOKUP($B53,'MEMORIA DE CAL.'!$B:$M,3,FALSE) -> 312371 | E53: =VLOOKUP($B53,'MEMORIA DE CAL.'!$B:$M,4,FALSE) -> FORNECIMENTO DE MATERIAL BETUMINOSO RR-1C | F53: =VLOOKUP($B53,'MEMORIA DE CAL.'!$B:$M,5,FALSE) -> T | G53: =VLOOKUP($B53,'MEMORIA DE CAL.'!$B:$M,11,FALSE) -> 0.85
B54: 5.10 | C54: =VLOOKUP($B54,'MEMORIA DE CAL.'!$B:$M,2,FALSE) -> SICRO/DNIT | D54: =VLOOKUP($B54,'MEMORIA DE CAL.'!$B:$M,3,FALSE) -> 5914622 | E54: =VLOOKUP($B54,'MEMORIA DE CAL.'!$B:$M,4,FALSE) -> TRANSPORTE DE MATERIAL BETUMINOSO COM CAMINHÃO TANQUE DISTRIBUIDOR - RODOVIA PAVIMENTADA | F54: =VLOOKUP($B54,'MEMORIA DE CAL.'!$B:$M,5,FALSE) -> TXKM | G54: =VLOOKUP($B54,'MEMORIA DE CAL.'!$B:$M,11,FALSE) -> 221.96
B55: 5.11 | C55: =VLOOKUP($B55,'MEMORIA DE CAL.'!$B:$M,2,FALSE) -> SEINFRA | D55: =VLOOKUP($B55,'MEMORIA DE CAL.'!$B:$M,3,FALSE) -> ED-7623 | E55: =VLOOKUP($B55,'MEMORIA DE CAL.'!$B:$M,4,FALSE) -> EXECUÇÃO E APLICAÇÃO DE CONCRETO BETUMINOSO USINADO A QUENTE (CBUQ), MASSA COMERCIAL, INCLUINDO FORNECIMENTO E TRANSPORTE DOS AGREGADOS E MATERIAL BETUMINOSO, EXCLUSIVE TRANSPORTE DA MASSA ASFÁLTICA ATÉ A PISTA | F55: =VLOOKUP($B55,'MEMORIA DE CAL.'!$B:$M,5,FALSE) -> M3 | G55: =VLOOKUP($B55,'MEMORIA DE CAL.'!$B:$M,11,FALSE) -> 95.58
B56: 5.12 | C56: =VLOOKUP($B56,'MEMORIA DE CAL.'!$B:$M,2,FALSE) -> SICRO/DNIT | D56: =VLOOKUP($B56,'MEMORIA DE CAL.'!$B:$M,3,FALSE) -> 5914612 | E56: =VLOOKUP($B56,'MEMORIA DE CAL.'!$B:$M,4,FALSE) -> TRANSPORTE DE MISTURA BETUMINOSA A QUENTE COM CAMINHÃO COM CAÇAMBA TÉRMICA DE 6 M³ - RODOVIA PAVIMENTADA (USINA-OBRA) | F56: =VLOOKUP($B56,'MEMORIA DE CAL.'!$B:$M,5,FALSE) -> TxKm | G56: =VLOOKUP($B56,'MEMORIA DE CAL.'!$B:$M,11,FALSE) -> 4909.9
B57: 6 | E57: =VLOOKUP($B57,'MEMORIA DE CAL.'!$B:$M,4,FALSE) -> CALÇADAS
B58: 6.1 | C58: =VLOOKUP($B58,'MEMORIA DE CAL.'!$B:$M,2,FALSE) -> SINAPI | D58: =VLOOKUP($B58,'MEMORIA DE CAL.'!$B:$M,3,FALSE) -> 101114 | E58: =VLOOKUP($B58,'MEMORIA DE CAL.'!$B:$M,4,FALSE) -> ESCAVAÇÃO HORIZONTAL EM SOLO DE 1A CATEGORIA COM TRATOR DE ESTEIRAS (100HP/LÂMINA: 2,19M3). AF_07/2020 | F58: =VLOOKUP($B58,'MEMORIA DE CAL.'!$B:$M,5,FALSE) -> M3 | G58: =VLOOKUP($B58,'MEMORIA DE CAL.'!$B:$M,11,FALSE) -> 41.92
B59: 6.2 | C59: =VLOOKUP($B59,'MEMORIA DE CAL.'!$B:$M,2,FALSE) -> SINAPI | D59: =VLOOKUP($B59,'MEMORIA DE CAL.'!$B:$M,3,FALSE) -> 97084 | E59: =VLOOKUP($B59,'MEMORIA DE CAL.'!$B:$M,4,FALSE) -> COMPACTAÇÃO MECÂNICA DE SOLO PARA EXECUÇÃO DE RADIER, PISO DE CONCRETO OU LAJE SOBRE SOLO, COM COMPACTADOR DE SOLOS TIPO PLACA VIBRATÓRIA. AF_09/2021 | F59: =VLOOKUP($B59,'MEMORIA DE CAL.'!$B:$M,5,FALSE) -> M2 | G59: =VLOOKUP($B59,'MEMORIA DE CAL.'!$B:$M,11,FALSE) -> 698.98
B60: 6.3 | C60: =VLOOKUP($B60,'MEMORIA DE CAL.'!$B:$M,2,FALSE) -> SINAPI | D60: =VLOOKUP($B60,'MEMORIA DE CAL.'!$B:$M,3,FALSE) -> 94990 | E60: =VLOOKUP($B60,'MEMORIA DE CAL.'!$B:$M,4,FALSE) -> EXECUÇÃO DE PASSEIO (CALÇADA) OU PISO DE CONCRETO COM CONCRETO MOLDADO IN LOCO, FEITO EM OBRA, ACABAMENTO CONVENCIONAL, NÃO ARMADO. AF_08/2022 | F60: =VLOOKUP($B60,'MEMORIA DE CAL.'!$B:$M,5,FALSE) -> M3 | G60: =VLOOKUP($B60,'MEMORIA DE CAL.'!$B:$M,11,FALSE) -> 41.92
B61: 6.4 | C61: =VLOOKUP($B61,'MEMORIA DE CAL.'!$B:$M,2,FALSE) -> SINAPI | D61: =VLOOKUP($B61,'MEMORIA DE CAL.'!$B:$M,3,FALSE) -> 100978 | E61: =VLOOKUP($B61,'MEMORIA DE CAL.'!$B:$M,4,FALSE) -> CARGA, MANOBRA E DESCARGA DE SOLOS E MATERIAIS GRANULARES EM CAMINHÃO BASCULANTE 10 M³ - CARGA COM ESCAVADEIRA HIDRÁULICA (CAÇAMBA DE 1,20 M³ / 155 HP) E DESCARGA LIVRE (UNIDADE: M3). AF_02/2026 | F61: =VLOOKUP($B61,'MEMORIA DE CAL.'!$B:$M,5,FALSE) -> M3 | G61: =VLOOKUP($B61,'MEMORIA DE CAL.'!$B:$M,11,FALSE) -> 54.49
B62: 6.5 | C62: =VLOOKUP($B62,'MEMORIA DE CAL.'!$B:$M,2,FALSE) -> SINAPI | D62: =VLOOKUP($B62,'MEMORIA DE CAL.'!$B:$M,3,FALSE) -> 95875 | E62: =VLOOKUP($B62,'MEMORIA DE CAL.'!$B:$M,4,FALSE) -> TRANSPORTE COM CAMINHÃO BASCULANTE DE 10 M³, EM VIA URBANA PAVIMENTADA, DMT ATÉ 30 KM (UNIDADE:M3XKM). AF_02/2026 | F62: =VLOOKUP($B62,'MEMORIA DE CAL.'!$B:$M,5,FALSE) -> M3XKM | G62: =VLOOKUP($B62,'MEMORIA DE CAL.'!$B:$M,11,FALSE) -> 152.56
B63: 6.6 | C63: =VLOOKUP($B63,'MEMORIA DE CAL.'!$B:$M,2,FALSE) -> SINAPI | D63: =VLOOKUP($B63,'MEMORIA DE CAL.'!$B:$M,3,FALSE) -> 100574 | E63: =VLOOKUP($B63,'MEMORIA DE CAL.'!$B:$M,4,FALSE) -> ESPALHAMENTO DE MATERIAL COM TRATOR DE ESTEIRAS. AF_09/2024 | F63: =VLOOKUP($B63,'MEMORIA DE CAL.'!$B:$M,5,FALSE) -> M3 | G63: =VLOOKUP($B63,'MEMORIA DE CAL.'!$B:$M,11,FALSE) -> 54.49
B64: 6.7 | C64: =VLOOKUP($B64,'MEMORIA DE CAL.'!$B:$M,2,FALSE) -> SINAPI | D64: =VLOOKUP($B64,'MEMORIA DE CAL.'!$B:$M,3,FALSE) -> 105002 | E64: =VLOOKUP($B64,'MEMORIA DE CAL.'!$B:$M,4,FALSE) -> RAMPA DE ACESSIBILIDADE EM CONCRETO MOLDADO IN LOCO, EM CALÇADA NOVA COM LARGURA MAIOR OU IGUAL À 3,00 M, FCK 25MPA, COM PISO PODOTÁTIL. AF_03/2024 | F64: =VLOOKUP($B64,'MEMORIA DE CAL.'!$B:$M,5,FALSE) -> UN | G64: =VLOOKUP($B64,'MEMORIA DE CAL.'!$B:$M,11,FALSE) -> 5
B65: 7 | E65: =VLOOKUP($B65,'MEMORIA DE CAL.'!$B:$M,4,FALSE) -> SERVIÇOS FINAIS
B66: 7.1 | C66: =VLOOKUP($B66,'MEMORIA DE CAL.'!$B:$M,2,FALSE) -> SINAPI | D66: =VLOOKUP($B66,'MEMORIA DE CAL.'!$B:$M,3,FALSE) -> 103946 | E66: =VLOOKUP($B66,'MEMORIA DE CAL.'!$B:$M,4,FALSE) -> PLANTIO DE GRAMA ESMERALDA OU SÃO CARLOS OU CURITIBANA, EM PLACAS. AF_07/2024 | F66: =VLOOKUP($B66,'MEMORIA DE CAL.'!$B:$M,5,FALSE) -> M2 | G66: =VLOOKUP($B66,'MEMORIA DE CAL.'!$B:$M,11,FALSE) -> 19.27
B67: 7.2 | C67: =VLOOKUP($B67,'MEMORIA DE CAL.'!$B:$M,2,FALSE) -> COMPOSIÇÃO | D67: =VLOOKUP($B67,'MEMORIA DE CAL.'!$B:$M,3,FALSE) -> CPU-002 | E67: =VLOOKUP($B67,'MEMORIA DE CAL.'!$B:$M,4,FALSE) -> LIMPEZA, VARRIÇÃO E LAVAGEM DE PISTA | F67: M2 | G67: =VLOOKUP($B67,'MEMORIA DE CAL.'!$B:$M,11,FALSE) -> 2069.14
B68: TOTAL DO ORÇAMENTO

Sheet ANEXO VI
J1: MUNICIPIO DE SANTANA DO PARAÍSO - ANEXO VI - MODELO DE COMPOSIÇÃO DE BDI Rua Dona Amélia nº 71 - Bairro Centro - Cidade Santana do Paraíso - Minas Gerais TEL. (31) 3251-7600 - CEP 35179-000 PREFEITURA MUNICIPAL DE SANTANA DO PARAÍSO
E2: MIN | F2: MED | G2: MAX
A3: OBRA DE EDIFICAÇÃO | B3: AC | C3: =CONCATENATE(A3,"-",B3) -> OBRA DE EDIFICAÇÃO-AC | E3: 0.03 | F3: 0.04 | G3: 0.055
A4: =A3 -> OBRA DE EDIFICAÇÃO | B4: SG | C4: =CONCATENATE(A4,"-",B4) -> OBRA DE EDIFICAÇÃO-SG | E4: 0.008 | F4: 0.008 | G4: 0.01 | J4: COMPOSIÇÃO DO BDI
A5: =A4 -> OBRA DE EDIFICAÇÃO | B5: R | C5: =CONCATENATE(A5,"-",B5) -> OBRA DE EDIFICAÇÃO-R | E5: 0.0097 | F5: 0.0127 | G5: 0.0127
A6: =A5 -> OBRA DE EDIFICAÇÃO | B6: DF | C6: =CONCATENATE(A6,"-",B6) -> OBRA DE EDIFICAÇÃO-DF | E6: 0.0059 | F6: 0.0123 | G6: 0.0139 | J6: PREFEITURA: PREFEITURA MUNICIPAL DE SANTANA DO PARAÍSO | S6: FOLHA Nº: 1
A7: =A6 -> OBRA DE EDIFICAÇÃO | B7: L | C7: =CONCATENATE(A7,"-",B7) -> OBRA DE EDIFICAÇÃO-L | E7: 0.0616 | F7: 0.074 | G7: 0.0896 | I7: FILTRO | J7: OBRA:OBRA DE DRENAGEM E PAVIMENTAÇÃO ASFALTICA NO BAIRRO ÁGUAS CLARAS NO MUNICÍPIO DE SANTANA DO PARAÍSO/MG | S7: DATA: 07/04/2025
A8: =A7 -> OBRA DE EDIFICAÇÃO | B8: BDI PAD | C8: =CONCATENATE(A8,"-",B8) -> OBRA DE EDIFICAÇÃO-BDI PAD | E8: 0.2034 | F8: 0.2212 | G8: 0.25 | J8: LOCAL: RUA AVENCA, RUA TULIPA E RUA ROSA,BAIRRO AGUAS CLARAS - SANTANA DO PARAÍSO - MG.
A9: OBRA RODOVIÁRIA | B9: AC | C9: =CONCATENATE(A9,"-",B9) -> OBRA RODOVIÁRIA-AC | E9: 0.038 | F9: 0.0401 | G9: 0.0467 | J9: REFERÊNCIA: SINAPI ABRIL/2024 - SEM DESONERAÇÃO; SICRO MG JAN/2026; SEINFRA 01/2026 REGIÃO LESTE - SEM DESONERAÇÃO.
A10: OBRA RODOVIÁRIA | B10: SG | C10: =CONCATENATE(A10,"-",B10) -> OBRA RODOVIÁRIA-SG | E10: 0.0032 | F10: 0.004 | G10: 0.0074 | J10: CONFORME LEGISLAÇÃO TRIBUTÁRIA MUNICIPAL, DEFINIR ESTIMATIVA DE PERCENTUAL DA BASE DE CÁLCULO PARA O ISS:
A12: OBRA RODOVIÁRIA | B12: R | C12: =CONCATENATE(A12,"-",B12) -> OBRA RODOVIÁRIA-R | E12: 0.005 | F12: 0.0056 | G12: 0.0097
A13: OBRA RODOVIÁRIA | B13: DF | C13: =CONCATENATE(A13,"-",B13) -> OBRA RODOVIÁRIA-DF | E13: 0.0102 | F13: 0.0111 | G13: 0.0121 | I13: ↓ | J13: SOBRE A BASE DE CÁLCULO, DEFINIR A RESPECTIVA ALÍQUOTA DO ISS (ENTRE 2% E 5%):
A14: OBRA RODOVIÁRIA | B14: L | C14: =CONCATENATE(A14,"-",B14) -> OBRA RODOVIÁRIA-L | E14: 0.0664 | F14: 0.073 | G14: 0.0869 | I14: F
A15: OBRA RODOVIÁRIA | B15: BDI PAD | C15: =CONCATENATE(A15,"-",B15) -> OBRA RODOVIÁRIA-BDI PAD | E15: 0.196 | F15: 0.2097 | G15: 0.2423 | I15: F | J15: BDI
A16: Construção de Redes de Abastecimento de Água, Coleta de Esgoto | B16: AC | C16: =CONCATENATE(A16,"-",B16) -> Construção de Redes de Abastecimento de Água, Coleta de Esgoto-AC | E16: 0.0343 | F16: 0.0493 | G16: 0.0671 | I16: F
A17: =A16 -> Construção de Redes de Abastecimento de Água, Coleta de Esgoto | B17: SG | C17: =CONCATENATE(A17,"-",B17) -> Construção de Redes de Abastecimento de Água, Coleta de Esgoto-SG | E17: 0.0028 | F17: 0.0049 | G17: 0.0075 | I17: F | J17: TIPO DE OBRA: | L17: OBRA RODOVIÁRIA
A18: =A17 -> Construção de Redes de Abastecimento de Água, Coleta de Esgoto | B18: R | C18: =CONCATENATE(A18,"-",B18) -> Construção de Redes de Abastecimento de Água, Coleta de Esgoto-R | E18: 0.01 | F18: 0.0139 | G18: 0.0174 | I18: F
A19: =A18 -> Construção de Redes de Abastecimento de Água, Coleta de Esgoto | B19: DF | C19: =CONCATENATE(A19,"-",B19) -> Construção de Redes de Abastecimento de Água, Coleta de Esgoto-DF | E19: 0.0094 | F19: 0.0099 | G19: 0.0117 | I19: F
A20: =A19 -> Construção de Redes de Abastecimento de Água, Coleta de Esgoto | B20: L | C20: =CONCATENATE(A20,"-",B20) -> Construção de Redes de Abastecimento de Água, Coleta de Esgoto-L | E20: 0.0674 | F20: 0.0804 | G20: 0.094 | I20: F
A21: =A20 -> Construção de Redes de Abastecimento de Água, Coleta de Esgoto | B21: BDI PAD | C21: =CONCATENATE(A21,"-",B21) -> Construção de Redes de Abastecimento de Água, Coleta de Esgoto-BDI PAD | E21: 0.2076 | F21: 0.2418 | G21: 0.2644 | I21: F | J21: Itens | R21: Siglas | S21: % Adotado | T21: Situação | W21: 1º Quartil | X21: Médio | Y21: 3º Quartil
A22: Construção e Manutenção de Estações e Redes de Distribuição de Energia Elétrica | B22: AC | C22: =CONCATENATE(A22,"-",B22) -> Construção e Manutenção de Estações e Redes de Distribuição de Energia Elétrica-AC | E22: 0.0529 | F22: 0.0592 | G22: 0.0793 | I22: F
A23: =A22 -> Construção e Manutenção de Estações e Redes de Distribuição de Energia Elétrica | B23: SG | C23: =CONCATENATE(A23,"-",B23) -> Construção e Manutenção de Estações e Redes de Distribuição de Energia Elétrica-SG | E23: 0.0025 | F23: 0.0051 | G23: 0.0056 | I23: F | J23: =IF($L$17=$A$148,"Encargos Sociais incidentes sobre a mão de obra","Administração Central") -> Administração Central | R23: =IF($L17=$A$148,"K1","AC") -> AC | T23: - | W23: =VLOOKUP(CONCATENATE(L17,"-",R23),$C$3:$G$138,3,FALSE) -> 0.038 | X23: =VLOOKUP(CONCATENATE(L17,"-",R23),$C$3:$G$138,4,FALSE) -> 0.0401 | Y23: =VLOOKUP(CONCATENATE(L17,"-",R23),$C$3:$G$138,5,FALSE) -> 0.0467
A24: =A23 -> Construção e Manutenção de Estações e Redes de Distribuição de Energia Elétrica | B24: R | C24: =CONCATENATE(A24,"-",B24) -> Construção e Manutenção de Estações e Redes de Distribuição de Energia Elétrica-R | E24: 0.01 | F24: 0.0148 | G24: 0.0197 | I24: F | J24: =IF($L$17=$A$148,"Administração Central da empresa ou consultoria - overhead","Seguro e Garantia") -> Seguro e Garantia | R24: =IF($L17=$A$148,"K2","SG") -> SG | T24: - | W24: =VLOOKUP(CONCATENATE(L17,"-",R24),$C$3:$G$138,3,FALSE) -> 0.0032 | X24: =VLOOKUP(CONCATENATE(L17,"-",R24),$C$3:$G$138,4,FALSE) -> 0.004 | Y24: =VLOOKUP(CONCATENATE(L17,"-",R24),$C$3:$G$138,5,FALSE) -> 0.0074
A25: =A24 -> Construção e Manutenção de Estações e Redes de Distribuição de Energia Elétrica | B25: DF | C25: =CONCATENATE(A25,"-",B25) -> Construção e Manutenção de Estações e Redes de Distribuição de Energia Elétrica-DF | E25: 0.0101 | F25: 0.0107 | G25: 0.0111 | I25: F | J25: =IF($L$17=$A$148,"","Risco") -> Risco | R25: =IF($L17=$A$148,"","R") -> R | T25: - | W25: =VLOOKUP(CONCATENATE(L17,"-",R25),$C$3:$G$138,3,FALSE) -> 0.005 | X25: =VLOOKUP(CONCATENATE(L17,"-",R25),$C$3:$G$138,4,FALSE) -> 0.0056 | Y25: =VLOOKUP(CONCATENATE(L17,"-",R25),$C$3:$G$138,5,FALSE) -> 0.0097
A26: =A25 -> Construção e Manutenção de Estações e Redes de Distribuição de Energia Elétrica | B26: L | C26: =CONCATENATE(A26,"-",B26) -> Construção e Manutenção de Estações e Redes de Distribuição de Energia Elétrica-L | E26: 0.08 | F26: 0.0831 | G26: 0.0951 | I26: F | J26: =IF($L$17=$A$148,"","Despesas Financeiras") -> Despesas Financeiras | R26: =IF($L17=$A$148,"","DF") -> DF | T26: - | W26: =VLOOKUP(CONCATENATE(L17,"-",R26),$C$3:$G$138,3,FALSE) -> 0.0102 | X26: =VLOOKUP(CONCATENATE(L17,"-",R26),$C$3:$G$138,4,FALSE) -> 0.0111 | Y26: =VLOOKUP(CONCATENATE(L17,"-",R26),$C$3:$G$138,5,FALSE) -> 0.0121
A27: =A26 -> Construção e Manutenção de Estações e Redes de Distribuição de Energia Elétrica | B27: BDI PAD | C27: =CONCATENATE(A27,"-",B27) -> Construção e Manutenção de Estações e Redes de Distribuição de Energia Elétrica-BDI PAD | E27: 0.24 | F27: 0.2584 | G27: 0.2786 | I27: F | J27: =IF($L$17=$A$148,"Margem bruta da empresa de consultoria","Lucro") -> Lucro | R27: =IF($L17=$A$148,"K3","L") -> L | T27: - | W27: =VLOOKUP(CONCATENATE(L17,"-",R27),$C$3:$G$138,3,FALSE) -> 0.0664 | X27: =VLOOKUP(CONCATENATE(L17,"-",R27),$C$3:$G$138,4,FALSE) -> 0.073 | Y27: =VLOOKUP(CONCATENATE(L17,"-",R27),$C$3:$G$138,5,FALSE) -> 0.0869
A28: Obras Portuárias, Marítimas e Fluviais | B28: AC | C28: =CONCATENATE(A28,"-",B28) -> Obras Portuárias, Marítimas e Fluviais-AC | E28: 0.04 | F28: 0.0552 | G28: 0.0785 | I28: F | J28: Tributos (impostos COFINS 3%, e PIS 0,65%) | R28: CP | S28: 0.0365 | T28: - | W28: 0.0365 | X28: 0.0365 | Y28: 0.0365
A29: =A28 -> Obras Portuárias, Marítimas e Fluviais | B29: SG | C29: =CONCATENATE(A29,"-",B29) -> Obras Portuárias, Marítimas e Fluviais-SG | E29: 0.0081 | F29: 0.0122 | G29: 0.0199 | I29: F | J29: Tributos (ISS, variável de acordo com o município) | R29: ISS | S29: =IF(AND($L17<>$A$147,COUNTA(OFFSET(S22,1,0,6))>0),$X$13*$X$12,0) -> 0 | T29: - | W29: 0 | X29: 0.025 | Y29: 0.05
A30: =A29 -> Obras Portuárias, Marítimas e Fluviais | B30: R | C30: =CONCATENATE(A30,"-",B30) -> Obras Portuárias, Marítimas e Fluviais-R | E30: 0.0146 | F30: 0.0232 | G30: 0.0316 | I30: F | J30: Tributos (Contribuição Previdenciária sobre a Receita Bruta - 0% ou 4,5% - Desoneração) | R30: CPRB | S30: =IF(P31="SEM",0,IF(AND($L17<>$A$147,COUNTA(OFFSET(S22,1,0,6))>0),4.5%,0%)) -> 0 | T30: - | W30: 0 | X30: 0.045 | Y30: 0.045
A31: =A30 -> Obras Portuárias, Marítimas e Fluviais | B31: DF | C31: =CONCATENATE(A31,"-",B31) -> Obras Portuárias, Marítimas e Fluviais-DF | E31: 0.0094 | F31: 0.0102 | G31: 0.0133 | I31: F | J31: COM ou SEM desoneração: | P31: SEM | R31: BDI PAD | S31: =IF(P31="SEM",ROUND((((1+S23+S24+S25)*(1+S26)*(1+S27)/(1-(S28+S29)))-1),4),IF(P31="COM",ROUND((((1+S23+S24+S25)*(1+S26)*(1+S27)/(1-(S28+S29+S30)))-1),4))) -> 0.0379 | T31: =IF(OR($L$17=$A$148,$L$17=$A$147,AND(A81>=W31,A81<=Y31)),"OK","FORA DO INTERVALO") -> FORA DO INTERVALO | W31: =IF($L17=$A$147,0,VLOOKUP(CONCATENATE($L17,"-",$R31),$C$3:$G$138,3,FALSE)) -> 0.196 | X31: =IF($L17=$A$147,0,VLOOKUP(CONCATENATE($L17,"-",$R31),$C$3:$G$138,4,FALSE)) -> 0.2097 | Y31: =IF($L17=$A$147,0,VLOOKUP(CONCATENATE($L17,"-",$R31),$C$3:$G$138,5,FALSE)) -> 0.2423
A32: =A31 -> Obras Portuárias, Marítimas e Fluviais | B32: L | C32: =CONCATENATE(A32,"-",B32) -> Obras Portuárias, Marítimas e Fluviais-L | E32: 0.0714 | F32: 0.084 | G32: 0.1043 | I32: F
A33: =A32 -> Obras Portuárias, Marítimas e Fluviais | B33: BDI PAD | C33: =CONCATENATE(A33,"-",B33) -> Obras Portuárias, Marítimas e Fluviais-BDI PAD | E33: 0.228 | F33: 0.2748 | G33: 0.3095 | I33: F
A34: Fornecimento de Materiais e Equipamentos (aquisição indireta - em conjunto com licitação de obras) | B34: AC | C34: =CONCATENATE(A34,"-",B34) -> Fornecimento de Materiais e Equipamentos (aquisição indireta - em conjunto com licitação de obras)-AC | E34: 0.015 | F34: 0.0345 | G34: 0.0449 | I34: F | J34: * O convenete deve preencher apenas os campos destacados
A35: =A34 -> Fornecimento de Materiais e Equipamentos (aquisição indireta - em conjunto com licitação de obras) | B35: SG | C35: =CONCATENATE(A35,"-",B35) -> Fornecimento de Materiais e Equipamentos (aquisição indireta - em conjunto com licitação de obras)-SG | E35: 0.003 | F35: 0.0048 | G35: 0.0082 | I35: F
A36: =A35 -> Fornecimento de Materiais e Equipamentos (aquisição indireta - em conjunto com licitação de obras) | B36: R | C36: =CONCATENATE(A36,"-",B36) -> Fornecimento de Materiais e Equipamentos (aquisição indireta - em conjunto com licitação de obras)-R | E36: 0.0056 | F36: 0.0085 | G36: 0.0089 | I36: F | J36: Os valores de BDI foram calculados com o emprego da fórmula:
A37: =A36 -> Fornecimento de Materiais e Equipamentos (aquisição indireta - em conjunto com licitação de obras) | B37: DF | C37: =CONCATENATE(A37,"-",B37) -> Fornecimento de Materiais e Equipamentos (aquisição indireta - em conjunto com licitação de obras)-DF | E37: 0.0085 | F37: 0.0085 | G37: 0.0111 | I37: F | N37: BDI= | O37: =IF($L17=$A$148,"(1+K1+K2)*(1+K3)","(1+AC + S + R + G)*(1 + DF)*(1+L)") -> (1+AC + S + R + G)*(1 + DF)*(1+L) | R37: -1
A38: =A37 -> Fornecimento de Materiais e Equipamentos (aquisição indireta - em conjunto com licitação de obras) | B38: L | C38: =CONCATENATE(A38,"-",B38) -> Fornecimento de Materiais e Equipamentos (aquisição indireta - em conjunto com licitação de obras)-L | E38: 0.035 | F38: 0.0511 | G38: 0.0622 | I38: F | P38: (1-CP-ISS-CRPB)
A39: =A38 -> Fornecimento de Materiais e Equipamentos (aquisição indireta - em conjunto com licitação de obras) | B39: BDI PAD | C39: =CONCATENATE(A39,"-",B39) -> Fornecimento de Materiais e Equipamentos (aquisição indireta - em conjunto com licitação de obras)-BDI PAD | E39: 0.111 | F39: 0.1402 | G39: 0.168 | I39: F
A40: Fornecimento de Materiais e Equipamentos (aquisição direta) | B40: AC | C40: =CONCATENATE(A40,"-",B40) -> Fornecimento de Materiais e Equipamentos (aquisição direta)-AC | E40: - | F40: - | G40: - | I40: F | J40: =CONCATENATE("Declaro para os devidos fins que, conforme legislação tributária municipal, a base de cálculo deste tipo de obra corresponde à ",$X$12*100,"%, com a respectiva alíquota de ",$X$13*100,"%.") -> Declaro para os devidos fins que, conforme legislação tributária municipal, a base de cálculo deste tipo de obra corresponde à 0%, com a respectiva alíquota de 0%.
A41: Fornecimento de Materiais e Equipamentos (aquisição direta) | B41: SG | C41: =CONCATENATE(A41,"-",B41) -> Fornecimento de Materiais e Equipamentos (aquisição direta)-SG | E41: - | F41: - | G41: - | I41: F | J41: =CONCATENATE("Declaro para os devidos fins que o regime de Contribuição Previdenciária sobre a Receita Bruta adotado para elaboração do orçamento foi ",IF(P31="COM","COM","SEM")," Desoneração, e que esta é a alternativa mais adequada para a Administração Pública.") -> Declaro para os devidos fins que o regime de Contribuição Previdenciária sobre a Receita Bruta adotado para elaboração do orçamento foi SEM Desoneração, e que esta é a alternativa mais adequada para a Administração Pública.
A42: Fornecimento de Materiais e Equipamentos (aquisição direta) | B42: R | C42: =CONCATENATE(A42,"-",B42) -> Fornecimento de Materiais e Equipamentos (aquisição direta)-R | E42: - | F42: - | G42: - | I42: F
A43: Fornecimento de Materiais e Equipamentos (aquisição direta) | B43: DF | C43: =CONCATENATE(A43,"-",B43) -> Fornecimento de Materiais e Equipamentos (aquisição direta)-DF | E43: - | F43: - | G43: - | I43: F
A44: Fornecimento de Materiais e Equipamentos (aquisição direta) | B44: L | C44: =CONCATENATE(A44,"-",B44) -> Fornecimento de Materiais e Equipamentos (aquisição direta)-L | E44: - | F44: - | G44: - | I44: F
A45: Fornecimento de Materiais e Equipamentos (aquisição direta) | B45: BDI PAD | C45: =CONCATENATE(A45,"-",B45) -> Fornecimento de Materiais e Equipamentos (aquisição direta)-BDI PAD | E45: - | F45: - | G45: - | I45: F
A46: Estudos e Projetos, Planos e Gerenciamento e outros correlatos | B46: K1 | C46: =CONCATENATE(A46,"-",B46) -> Estudos e Projetos, Planos e Gerenciamento e outros correlatos-K1 | E46: - | F46: - | G46: - | I46: F
A47: =A46 -> Estudos e Projetos, Planos e Gerenciamento e outros correlatos | B47: K2 | C47: =CONCATENATE(A47,"-",B47) -> Estudos e Projetos, Planos e Gerenciamento e outros correlatos-K2 | E47: - | F47: 0.2 | G47: - | I47: F
A48: =A47 -> Estudos e Projetos, Planos e Gerenciamento e outros correlatos | C48: =CONCATENATE(A48,"-",B48) -> Estudos e Projetos, Planos e Gerenciamento e outros correlatos- | E48: - | F48: - | G48: - | I48: F
A49: =A48 -> Estudos e Projetos, Planos e Gerenciamento e outros correlatos | C49: =CONCATENATE(A49,"-",B49) -> Estudos e Projetos, Planos e Gerenciamento e outros correlatos- | E49: - | F49: - | G49: - | I49: F
A50: =A49 -> Estudos e Projetos, Planos e Gerenciamento e outros correlatos | B50: K3 | C50: =CONCATENATE(A50,"-",B50) -> Estudos e Projetos, Planos e Gerenciamento e outros correlatos-K3 | E50: - | F50: 0.12 | G50: - | I50: F
A51: =A50 -> Estudos e Projetos, Planos e Gerenciamento e outros correlatos | B51: BDI PAD | C51: =CONCATENATE(A51,"-",B51) -> Estudos e Projetos, Planos e Gerenciamento e outros correlatos-BDI PAD | E51: - | F51: - | G51: - | I51: F
I52: F
I53: F
I54: F
I55: F
I56: =IF($S$70=0,"","F")
I57: =IF($S$70=0,"","F")
I58: =IF($S$70=0,"","F")
I59: =IF($S$70=0,"","F")
I60: =IF($S$70=0,"","F")
I61: =IF($S$70=0,"","F")
I62: =IF($S$70=0,"","F")
I63: =IF($S$70=0,"","F")
I64: =IF($S$70=0,"","F")
I65: =IF($S$70=0,"","F")
I66: =IF($S$70=0,"","F")
I67: =IF($S$70=0,"","F")
... I80: =IF($S$70=0,"","F")
A81: =ROUND((((1+S23+S24+S25)*(1+S26)*(1+S27)/(1-(S28+S29)))-1),4) -> 0.0379 | I81: =IF($S$70=0,"","F")
I82: =IF($S$70=0,"","F")
I83: =IF($S$70=0,"","F")
I84: =IF($S$70=0,"","F")
I85: =IF($S$70=0,"","F")
I86: =IF($S$70=0,"","F")
I87: =IF($S$70=0,"","F")
I88: =IF($S$70=0,"","F")
I89: =IF($S$70=0,"","F")
I90: =IF($S$70=0,"","F")
I91: =IF($S$70=0,"","F")
I92: =IF($S$70=0,"","F")
I93: =IF($S$70=0,"","F")
... I95: =IF($S$70=0,"","F")
I96: =IF($S$110=0,"","F")
I97: =IF($S$110=0,"","F")
I98: =IF($S$110=0,"","F")
I99: =IF($S$110=0,"","F")
I100: =IF($S$110=0,"","F")
I101: =IF($S$110=0,"","F")
I102: =IF($S$110=0,"","F")
I103: =IF($S$110=0,"","F")
I104: =IF($S$110=0,"","F")
I105: =IF($S$110=0,"","F")
I106: =IF($S$110=0,"","F")
I107: =IF($S$110=0,"","F")
... I129: =IF($S$110=0,"","F")
A130: (SELECIONAR) | I130: =IF($S$110=0,"","F")
A131: COM | I131: =IF($S$110=0,"","F")
A132: SEM | I132: =IF($S$110=0,"","F")
I133: =IF($S$110=0,"","F")
I134: =IF($S$110=0,"","F")
A140: (SELECIONAR)
...

Sheet ANEXO VII
B1: 1 | C1: 2 | D1: 3 | E1: 4 | F1: 5 | G1: 6 | H1: 7 | I1: 8 | J1: 9
B2: PREFEITURA MUNICIPAL DE SANTANA DO PARAÍSO SECRETARIA MUNICIPAL DE OBRAS, SERVIÇOS URBANOS E MEIO AMBIENTE
B3: ='MEMORIA DE CAL.'!B5 -> OBRA: OBRA DE DRENAGEM E PAVIMENTAÇÃO ASFALTICA NO BAIRRO ÁGUAS CLARAS NO MUNICÍPIO DE SANTANA DO PARAÍSO/MG
B4: ='MEMORIA DE CAL.'!B6 -> ENDEREÇO DA OBRA: RUA AVENCA, RUA TULIPA E RUA ROSA,BAIRRO AGUAS CLARAS - SANTANA DO PARAÍSO - MG.
B5: ='MEMORIA DE CAL.'!B7 -> PRAZO DE EXECUÇÃO: 03 MESES
B6: ='MEMORIA DE CAL.'!B8 -> BASES ORÇAMENTÁRIAS: SINAPI ABRIL/2024 - SEM DESONERAÇÃO; SICRO MG JAN/2026; SUDECAP 10/2025 - SEM DESONERAÇÃO; SEINFRA 01/2026 REGIÃO LESTE - SEM DESONERAÇÃO.
B7: ='MEMORIA DE CAL.'!B9
B8: ANEXO VII - MODELO DE CRONOGRAMA FÍSICO-FINANCEIRO
B9: ITEM | C9: ETAPAS/DESCRIÇÃO | E9: TOTAL ETAPAS | F9: PREVISTO / REALIZADO | G9: FINANCEIRO / FÍSICO | H9: MÊS 01 | I9: MÊS 02 | J9: MÊS 03
B11: 1 | C11: =VLOOKUP(B11,'MEMORIA DE CAL.'!$B$2:$L$526,4,) -> ADMINISTRAÇÃO LOCAL
B15: 2 | C15: =VLOOKUP(B15,'MEMORIA DE CAL.'!$B$2:$L$526,4,) -> INSTALAÇÕES INICIAIS DA OBRA
B19: 3 | C19: =VLOOKUP(B19,'MEMORIA DE CAL.'!$B$2:$L$526,4,) -> TERRAPLENAGEM
B23: 4 | C23: =VLOOKUP(B23,'MEMORIA DE CAL.'!$B$2:$L$526,4,) -> DRENAGEM
B27: 5 | C27: =VLOOKUP(B27,'MEMORIA DE CAL.'!$B$2:$L$526,4,) -> PAVIMENTAÇÃO ASFÁLTICA
B31: 6 | C31: =VLOOKUP(B31,'MEMORIA DE CAL.'!$B$2:$L$526,4,) -> CALÇADAS
B35: 7 | C35: =VLOOKUP(B35,'MEMORIA DE CAL.'!$B$2:$L$526,4,) -> SERVIÇOS FINAIS
B39: 9 | C39: =VLOOKUP(B39,'MEMORIA DE CAL.'!$B$23:$P$526,2,FALSE) -> #N/A | E39: =VLOOKUP(B39,#REF!,8,FALSE) -> #REF!
E41: =TRUNC((E39/$E$44),2) -> #REF!
B44: TOTAL PARCIAL
B49: TOTAL ACUMULADO

Sheet MEMORIA DE CAL.
B2: PREFEITURA MUNICIPAL DE SANTANA DO PARAÍSO SECRETARIA MUNICIPAL DE OBRAS, SERVIÇOS URBANOS E MEIO AMBIENTE | R2: ATENÇÃO | S2: MÊS 01 | T2: =#REF! -> #REF!
B3: CONTRATO N°: | S3: MÊS 02 | T3: =#REF! -> #REF!
B4: CONTRATADA: | S4: MÊS 03 | T4: =#REF! -> #REF!
B5: OBRA: OBRA DE DRENAGEM E PAVIMENTAÇÃO ASFALTICA NO BAIRRO ÁGUAS CLARAS NO MUNICÍPIO DE SANTANA DO PARAÍSO/MG
B6: ENDEREÇO DA OBRA: RUA AVENCA, RUA TULIPA E RUA ROSA,BAIRRO AGUAS CLARAS - SANTANA DO PARAÍSO - MG.
B7: PRAZO DE EXECUÇÃO: 03 MESES
B8: BASES ORÇAMENTÁRIAS: SINAPI ABRIL/2024 - SEM DESONERAÇÃO; SICRO MG JAN/2026; SUDECAP 10/2025 - SEM DESONERAÇÃO; SEINFRA 01/2026 REGIÃO LESTE - SEM DESONERAÇÃO.
B9: VALOR DO CONTRATO: R$ 915.770,10
B10: MEMÓRIA DE CÁLCULO | N10: QUANTITATIVOS REPROGRAMAÇÃO
B11: ITEM | C11: FONTE | D11: CODIGO | E11: DESCRIÇÃO | F11: UNID. | G11: DETALHAMENTO DE CÁLCULO | L11: QUANT. TOTAL PREVISTO | M11: QUANT. TOTAL EXECUTADO | N11: ACRÉSCIMO | O11: DECRÉSCIMO | P11: REPROGRAMADO
B12: 1 | E12: ADMINISTRAÇÃO LOCAL
B13: 1.1 | C13: COMPOSIÇÃO | D13: CPU-001 | E13: ADMINISTRAÇÃO LOCAL DA OBRA | F13: UNID. | G13: QTDE. | L13: =TRUNC((SUBTOTAL(9,'MEMORIA DE CAL.'!L15:L17)),2) -> #REF! | M13: =TRUNC((SUBTOTAL(9,'MEMORIA DE CAL.'!M15:M17)),2) -> #REF! | N13: =TRUNC((SUBTOTAL(9,'MEMORIA DE CAL.'!N15:N17)),2) -> #REF! | O13: =TRUNC((SUBTOTAL(9,'MEMORIA DE CAL.'!O15:O17)),2) -> #REF! | P13: =TRUNC((SUBTOTAL(9,'MEMORIA DE CAL.'!P15:P17)),2) -> #REF!
B14: 1.1 | E14: Corpo técnico composto por Engenheiro Senior, Encarregado geral e Topografo - Proporcional a medição Engenheiro e topografo - 3 dias por semana durante 4 horas por dia, Encarregado geral - 8 horas por dia durante todos o período da obra
B15: 1.1 | D15: MÊS 01 | E15: Proporcional a medição - MÊS 01 | G15: 0.29 | L15: =M15 -> 0.29 | M15: =TRUNC((PRODUCT(G15:K15)),2) -> 0.29 | N15: =IF('MEMORIA DE CAL.'!$M15>'MEMORIA DE CAL.'!$L15,'MEMORIA DE CAL.'!$M15-'MEMORIA DE CAL.'!$L15,0) -> 0 | O15: =IF('MEMORIA DE CAL.'!$M15<'MEMORIA DE CAL.'!$L15,'MEMORIA DE CAL.'!$L15-'MEMORIA DE CAL.'!$M15,0) -> 0 | P15: ='MEMORIA DE CAL.'!$L15+'MEMORIA DE CAL.'!$N15-'MEMORIA DE CAL.'!$O15 -> 0.29
B16: 1.1 | D16: MÊS 02 | E16: Proporcional a medição - MÊS 02 | G16: =T3 -> #REF! | L16: =M16 -> #REF! | M16: =TRUNC((PRODUCT(G16:K16)),2) -> #REF! | N16: =IF('MEMORIA DE CAL.'!$M16>'MEMORIA DE CAL.'!$L16,'MEMORIA DE CAL.'!$M16-'MEMORIA DE CAL.'!$L16,0) -> #REF! | O16: =IF('MEMORIA DE CAL.'!$M16<'MEMORIA DE CAL.'!$L16,'MEMORIA DE CAL.'!$L16-'MEMORIA DE CAL.'!$M16,0) -> #REF! | P16: ='MEMORIA DE CAL.'!$L16+'MEMORIA DE CAL.'!$N16-'MEMORIA DE CAL.'!$O16 -> #REF!
B17: 1.1 | D17: MÊS 03 | E17: Proporcional a medição - MÊS 03 | G17: =T4 -> #REF! | L17: =M17 -> #REF! | M17: =TRUNC((PRODUCT(G17:K17)),2) -> #REF! | N17: =IF('MEMORIA DE CAL.'!$M17>'MEMORIA DE CAL.'!$L17,'MEMORIA DE CAL.'!$M17-'MEMORIA DE CAL.'!$L17,0) -> #REF! | O17: =IF('MEMORIA DE CAL.'!$M17<'MEMORIA DE CAL.'!$L17,'MEMORIA DE CAL.'!$L17-'MEMORIA DE CAL.'!$M17,0) -> #REF! | P17: ='MEMORIA DE CAL.'!$L17+'MEMORIA DE CAL.'!$N17-'MEMORIA DE CAL.'!$O17 -> #REF!
B18: 2 | E18: INSTALAÇÕES INICIAIS DA OBRA
B19: 2.1 | C19: SEINFRA | D19: ED-28427 | E19: FORNECIMENTO E COLOCAÇÃO DE PLACA DE OBRA EM CHAPA GALVANIZADA #26, ESP. 0,45MM, DIMENSÃO (3X1,5)M, PLOTADA COM ADESIVO VINÍLICO, AFIXADA COM REBITES 4,8X40MM, EM ESTRUTURA METÁLICA DE METALON 20X20MM, ESP. 1,25MM, INCLUSIVE SUPORTE EM EUCALIPTO AUTOCLAVADO PINTADO COM TINTA PVA DUAS (2) DEMÃOS | F19: UN | G19: QTDE. | L19: =TRUNC((SUBTOTAL(9,'MEMORIA DE CAL.'!L20)),2) -> 1 | M19: =TRUNC((SUBTOTAL(9,'MEMORIA DE CAL.'!M20)),2) -> 1 | N19: =TRUNC((SUBTOTAL(9,'MEMORIA DE CAL.'!N20)),2) -> 0 | O19: =TRUNC((SUBTOTAL(9,'MEMORIA DE CAL.'!O20)),2) -> 0 | P19: =TRUNC((SUBTOTAL(9,'MEMORIA DE CAL.'!P20)),2) -> 1
B20: 2.1 | D20: MÊS 01 | E20: 01 placa com as informações da obra. dimensões da placa: 3x1,5 m totalizando 4,5m². | G20: 1 | L20: 1 | M20: =TRUNC((PRODUCT(G20:K20)),2) -> 1 | N20: =IF('MEMORIA DE CAL.'!$M20>'MEMORIA DE CAL.'!$L20,'MEMORIA DE CAL.'!$M20-'MEMORIA DE CAL.'!$L20,0) -> 0 | O20: =IF('MEMORIA DE CAL.'!$M20<'MEMORIA DE CAL.'!$L20,'MEMORIA DE CAL.'!$L20-'MEMORIA DE CAL.'!$M20,0) -> 0 | P20: ='MEMORIA DE CAL.'!$L20+'MEMORIA DE CAL.'!$N20-'MEMORIA DE CAL.'!$O20 -> 1
B21: 2.2 | C21: SEINFRA | D21: ED-50137 | E21: MOBILIZAÇÃO E DESMOBILIZAÇÃO DE CONTAINER, INCLUSIVE CARGA, DESCARGA E TRANSPORTE EM CAMINHÃO CARROCERIA COM GUINDAUTO (MUNCK), EXCLUSIVE LOCAÇÃO DO CONTAINER | F21: UN | G21: QTDE. | L21: =TRUNC((SUBTOTAL(9,'MEMORIA DE CAL.'!L22:L22)),2) -> 1 | M21: =TRUNC((SUBTOTAL(9,'MEMORIA DE CAL.'!M22:M22)),2) -> 1 | N21: =TRUNC((SUBTOTAL(9,'MEMORIA DE CAL.'!N22:N22)),2) -> 0 | O21: =TRUNC((SUBTOTAL(9,'MEMORIA DE CAL.'!O22:O22)),2) -> 0 | P21: =TRUNC((SUBTOTAL(9,'MEMORIA DE CAL.'!P22:P22)),2) -> 1
B22: 2.2 | D22: MÊS 01 | E22: Mobilização e desmobilização das duas unidades de containers locados, itens 2.4 | G22: 1 | L22: 1 | M22: =TRUNC((PRODUCT(G22:K22)),2) -> 1 | N22: =IF('MEMORIA DE CAL.'!$M22>'MEMORIA DE CAL.'!$L22,'MEMORIA DE CAL.'!$M22-'MEMORIA DE CAL.'!$L22,0) -> 0 | O22: =IF('MEMORIA DE CAL.'!$M22<'MEMORIA DE CAL.'!$L22,'MEMORIA DE CAL.'!$L22-'MEMORIA DE CAL.'!$M22,0) -> 0 | P22: ='MEMORIA DE CAL.'!$L22+'MEMORIA DE CAL.'!$N22-'MEMORIA DE CAL.'!$O22 -> 1
B23: 2.3 | C23: SEINFRA | D23: ED-16358 | E23: LIGAÇÕES PROVISÓRIAS PARA CONTAINER TIPO 3 (CORRESPONDENTE AO CÓDIGO ED-16350) | F23: UN | G23: QTDE. | L23: =TRUNC((SUBTOTAL(9,'MEMORIA DE CAL.'!L24:L24)),2) -> 1 | M23: =TRUNC((SUBTOTAL(9,'MEMORIA DE CAL.'!M24:M24)),2) -> 1 | N23: =TRUNC((SUBTOTAL(9,'MEMORIA DE CAL.'!N24:N24)),2) -> 0 | O23: =TRUNC((SUBTOTAL(9,'MEMORIA DE CAL.'!O24:O24)),2) -> 0 | P23: =TRUNC((SUBTOTAL(9,'MEMORIA DE CAL.'!P24:P24)),2) -> 1
B24: 2.3 | D24: MÊS 01 | E24: Ligações provisórias para pleno funcionamento do container no item 2.5 | G24: 1 | L24: 1 | M24: =TRUNC((PRODUCT(G24:K24)),2) -> 1 | N24: =IF('MEMORIA DE CAL.'!$M24>'MEMORIA DE CAL.'!$L24,'MEMORIA DE CAL.'!$M24-'MEMORIA DE CAL.'!$L24,0) -> 0 | O24: =IF('MEMORIA DE CAL.'!$M24<'MEMORIA DE CAL.'!$L24,'MEMORIA DE CAL.'!$L24-'MEMORIA DE CAL.'!$M24,0) -> 0 | P24: ='MEMORIA DE CAL.'!$L24+'MEMORIA DE CAL.'!$N24-'MEMORIA DE CAL.'!$O24 -> 1
B25: 2.4 | C25: SEINFRA | D25: ED-16350 | E25: LOCAÇÃO DE CONTAINER COM ISOLAMENTO TÉRMICO, TIPO 3, PARA DEPÓSITO/FERRAMENTARIA DE OBRA, COM MEDIDAS REFERENCIAIS DE (6) METROS COMPRIMENTO, (2,3) METROS LARGURA E (2,5) METROS ALTURA ÚTIL INTERNA, INCLUSIVE LIGAÇÕES ELÉTRICAS INTERNAS, EXCLUSIVE MOBILIZAÇÃO/DESMOBILIZAÇÃO E LIGAÇÕES PROVISÓRIAS EXTERNAS | F25: MÊS | G25: QTDE. | L25: =TRUNC((SUBTOTAL(9,'MEMORIA DE CAL.'!L26:L28)),2) -> 3 | M25: =TRUNC((SUBTOTAL(9,'MEMORIA DE CAL.'!M26:M28)),2) -> 3 | N25: =TRUNC((SUBTOTAL(9,'MEMORIA DE CAL.'!N26:N28)),2) -> 0 | O25: =TRUNC((SUBTOTAL(9,'MEMORIA DE CAL.'!O26:O28)),2) -> 0 | P25: =TRUNC((SUBTOTAL(9,'MEMORIA DE CAL.'!P26:P28)),2) -> 3
B26: 2.4 | D26: MÊS 01 | E26: locação de 01 container destinado ao almoxerifado conforme tempo de obra - mês 01 | G26: 1 | L26: 1 | M26: =TRUNC((PRODUCT(G26:K26)),2) -> 1 | N26: =IF('MEMORIA DE CAL.'!$M26>'MEMORIA DE CAL.'!$L26,'MEMORIA DE CAL.'!$M26-'MEMORIA DE CAL.'!$L26,0) -> 0 | O26: =IF('MEMORIA DE CAL.'!$M26<'MEMORIA DE CAL.'!$L26,'MEMORIA DE CAL.'!$L26-'MEMORIA DE CAL.'!$M26,0) -> 0 | P26: ='MEMORIA DE CAL.'!$L26+'MEMORIA DE CAL.'!$N26-'MEMORIA DE CAL.'!$O26 -> 1
B27: 2.4 | D27: MÊS 02 | E27: locação de 01 container destinado ao almoxerifado conforme tempo de obra - mês 01 | G27: 1 | L27: 1 | M27: =TRUNC((PRODUCT(G27:K27)),2) -> 1 | N27: =IF('MEMORIA DE CAL.'!$M27>'MEMORIA DE CAL.'!$L27,'MEMORIA DE CAL.'!$M27-'MEMORIA DE CAL.'!$L27,0) -> 0 | O27: =IF('MEMORIA DE CAL.'!$M27<'MEMORIA DE CAL.'!$L27,'MEMORIA DE CAL.'!$L27-'MEMORIA DE CAL.'!$M27,0) -> 0 | P27: ='MEMORIA DE CAL.'!$L27+'MEMORIA DE CAL.'!$N27-'MEMORIA DE CAL.'!$O27 -> 1
B28: 2.4 | D28: MÊS 03 | E28: locação de 01 container destinado ao almoxerifado conforme tempo de obra - mês 01 | G28: 1 | L28: 1 | M28: =TRUNC((PRODUCT(G28:K28)),2) -> 1 | N28: =IF('MEMORIA DE CAL.'!$M28>'MEMORIA DE CAL.'!$L28,'MEMORIA DE CAL.'!$M28-'MEMORIA DE CAL.'!$L28,0) -> 0 | O28: =IF('MEMORIA DE CAL.'!$M28<'MEMORIA DE CAL.'!$L28,'MEMORIA DE CAL.'!$L28-'MEMORIA DE CAL.'!$M28,0) -> 0 | P28: ='MEMORIA DE CAL.'!$L28+'MEMORIA DE CAL.'!$N28-'MEMORIA DE CAL.'!$O28 -> 1
B29: 2.5 | C29: SEINFRA | D29: ED-50155 | E29: LOCAÇÃO DE BANHEIRO QUÍMICO, DIMENSÃO (110X120X230)CM, LINHA PADRÃO, CONTENDO UMA (1) PIA/HIGIENIZADOR DE MÃOS, INCLUSIVE MANUTENÇÃO E MOBILIZAÇÃO/DESMOBILIZAÇÃO | F29: MÊS | G29: QTDE. | L29: =TRUNC((SUBTOTAL(9,'MEMORIA DE CAL.'!L30:L32)),2) -> 3 | M29: =TRUNC((SUBTOTAL(9,'MEMORIA DE CAL.'!M30:M32)),2) -> 3 | N29: =TRUNC((SUBTOTAL(9,'MEMORIA DE CAL.'!N30:N32)),2) -> 0 | O29: =TRUNC((SUBTOTAL(9,'MEMORIA DE CAL.'!O30:O32)),2) -> 0 | P29: =TRUNC((SUBTOTAL(9,'MEMORIA DE CAL.'!P30:P32)),2) -> 3
B30: 2.5 | D30: MÊS 01 | E30: locação de 01 banheiro químico conforme tempo de obra - mês 01 | G30: 1 | L30: 1 | M30: =TRUNC((PRODUCT(G30:K30)),2) -> 1 | N30: =IF('MEMORIA DE CAL.'!$M30>'MEMORIA DE CAL.'!$L30,'MEMORIA DE CAL.'!$M30-'MEMORIA DE CAL.'!$L30,0) -> 0 | O30: =IF('MEMORIA DE CAL.'!$M30<'MEMORIA DE CAL.'!$L30,'MEMORIA DE CAL.'!$L30-'MEMORIA DE CAL.'!$M30,0) -> 0 | P30: ='MEMORIA DE CAL.'!$L30+'MEMORIA DE CAL.'!$N30-'MEMORIA DE CAL.'!$O30 -> 1
B31: 2.5 | D31: MÊS 02 | E31: locação de 01 banheiro químico conforme tempo de obra - mês 02 | G31: 1 | L31: 1 | M31: =TRUNC((PRODUCT(G31:K31)),2) -> 1 | N31: =IF('MEMORIA DE CAL.'!$M31>'MEMORIA DE CAL.'!$L31,'MEMORIA DE CAL.'!$M31-'MEMORIA DE CAL.'!$L31,0) -> 0 | O31: =IF('MEMORIA DE CAL.'!$M31<'MEMORIA DE CAL.'!$L31,'MEMORIA DE CAL.'!$L31-'MEMORIA DE CAL.'!$M31,0) -> 0 | P31: ='MEMORIA DE CAL.'!$L31+'MEMORIA DE CAL.'!$N31-'MEMORIA DE CAL.'!$O31 -> 1
B32: 2.5 | D32: MÊS 03 | E32: locação de 01 banheiro químico conforme tempo de obra - mês 03 | G32: 1 | L32: 1 | M32: =TRUNC((PRODUCT(G32:K32)),2) -> 1 | N32: =IF('MEMORIA DE CAL.'!$M32>'MEMORIA DE CAL.'!$L32,'MEMORIA DE CAL.'!$M32-'MEMORIA DE CAL.'!$L32,0) -> 0 | O32: =IF('MEMORIA DE CAL.'!$M32<'MEMORIA DE CAL.'!$L32,'MEMORIA DE CAL.'!$L32-'MEMORIA DE CAL.'!$M32,0) -> 0 | P32: ='MEMORIA DE CAL.'!$L32+'MEMORIA DE CAL.'!$N32-'MEMORIA DE CAL.'!$O32 -> 1
B33: 3 | E33: TERRAPLENAGEM
B34: 3.1 | C34: SEINFRA | D34: ED-51103 | E34: ESCAVAÇÃO MECÂNICA HORIZONTAL, COM TRATOR DE ESTEIRA, EM MATERIAL DE 1ª CATEGORIA, INCLUSIVE AFASTAMENTO E EMPILHAMENTO COM DISTÂNCIA MÁXIMA DE ATÉ CINQUENTA (50) METROS, EXCLUSIVE CARGA, TRANSPORTE E DESGARGA | F34: M3 | L34: =TRUNC((SUBTOTAL(9,'MEMORIA DE CAL.'!L35:L36)),2) -> 1776.01 | M34: =TRUNC((SUBTOTAL(9,'MEMORIA DE CAL.'!M35:M36)),2) -> 1776.01 | N34: =TRUNC((SUBTOTAL(9,'MEMORIA DE CAL.'!N35:N36)),2) -> 0 | O34: =TRUNC((SUBTOTAL(9,'MEMORIA DE CAL.'!O35:O36)),2) -> 0 | P34: =TRUNC((SUBTOTAL(9,'MEMORIA DE CAL.'!P35:P36)),2) -> 1776.01
B35: 3.1 | E35: Quantitativo referente à movimentação de corte necessária para execução de acesso, conforme tabela de corte e aterro presente na folha 01/03 do projeto de terraplenagem. software utilizado: Civil3D | G35: Volume total (m3)
B36: 3.1 | D36: MÊS 01 | E36: Movimentação de Corte na Rua Rosa, Rua Tulipa e Rua Avenca | G36: 1776.01 | L36: 1776.01 | M36: =TRUNC((PRODUCT(G36:K36)),2) -> 1776.01 | N36: =IF('MEMORIA DE CAL.'!$M36>'MEMORIA DE CAL.'!$L36,'MEMORIA DE CAL.'!$M36-'MEMORIA DE CAL.'!$L36,0) -> 0 | O36: =IF('MEMORIA DE CAL.'!$M36<'MEMORIA DE CAL.'!$L36,'MEMORIA DE CAL.'!$L36-'MEMORIA DE CAL.'!$M36,0) -> 0 | P36: ='MEMORIA DE CAL.'!$L36+'MEMORIA DE CAL.'!$N36-'MEMORIA DE CAL.'!$O36 -> 1776.01
B37: 3.2 | C37: SINAPI | D37: 105556 | E37: EXECUÇÃO E COMPACTAÇÃO DE CORPO DE ATERRO DE ATERRO (95% DE ENERGIA DO PROCTOR NORMAL) COM SOLO PREDOMINANTEMENTE ARGILOSO, EM CAMADAS COM ESPESSURA DE 10 CM - EXCLUSIVE ESCAVAÇÃO, CARGA E TRANSPORTE E SOLO. AF_09/2024 | F37: M3 | L37: =TRUNC((SUBTOTAL(9,'MEMORIA DE CAL.'!L38:L39)),2) -> 174.94 | M37: =TRUNC((SUBTOTAL(9,'MEMORIA DE CAL.'!M38:M39)),2) -> 174.94 | N37: =TRUNC((SUBTOTAL(9,'MEMORIA DE CAL.'!N38:N39)),2) -> 0 | O37: =TRUNC((SUBTOTAL(9,'MEMORIA DE CAL.'!O38:O39)),2) -> 0 | P37: =TRUNC((SUBTOTAL(9,'MEMORIA DE CAL.'!P38:P39)),2) -> 174.94
B38: 3.2 | E38: Quantitativo referente ao aterro, conforme tabela de corte e aterro presente na folha 01/03 do projeto de terraplenagem. software utilizado: Civil3D | G38: Volume total (m3)
B39: 3.2 | D39: MÊS 01 | E39: Movimentação de aterro na Rua Rosa, Rua Tulipa e Rua Avenca | G39: 174.94 | L39: 174.94 | M39: =TRUNC((PRODUCT(G39:K39)),2) -> 174.94 | N39: =IF('MEMORIA DE CAL.'!$M39>'MEMORIA DE CAL.'!$L39,'MEMORIA DE CAL.'!$M39-'MEMORIA DE CAL.'!$L39,0) -> 0 | O39: =IF('MEMORIA DE CAL.'!$M39<'MEMORIA DE CAL.'!$L39,'MEMORIA DE CAL.'!$L39-'MEMORIA DE CAL.'!$M39,0) -> 0 | P39: ='MEMORIA DE CAL.'!$L39+'MEMORIA DE CAL.'!$N39-'MEMORIA DE CAL.'!$O39 -> 174.94
B40: 3.3 | C40: SINAPI | D40: 100978 | E40: CARGA, MANOBRA E DESCARGA DE SOLOS E MATERIAIS GRANULARES EM CAMINHÃO BASCULANTE 10 M³ - CARGA COM ESCAVADEIRA HIDRÁULICA (CAÇAMBA DE 1,20 M³ / 155 HP) E DESCARGA LIVRE (UNIDADE: M3). AF_02/2026 | F40: M3 | L40: =TRUNC((SUBTOTAL(9,'MEMORIA DE CAL.'!L41:L42)),2) -> 2081.39 | M40: =TRUNC((SUBTOTAL(9,'MEMORIA DE CAL.'!M41:M42)),2) -> 2081.39 | N40: =TRUNC((SUBTOTAL(9,'MEMORIA DE CAL.'!N41:N42)),2) -> 0 | O40: =TRUNC((SUBTOTAL(9,'MEMORIA DE CAL.'!O41:O42)),2) -> 0 | P40: =TRUNC((SUBTOTAL(9,'MEMORIA DE CAL.'!P41:P42)),2) -> 2081.39
B41: 3.3 | E41: Carga do material excedente da escavação que não foi utilizado para o aterro, que será destinado ao bota fora. Material acrescido de 30% de fator de empolamento | G41: Volume total (m3) | J41: Empolamento
B42: 3.3 | D42: MÊS 01 | E42: Material excedente da escavação na Rua Rosa, Rua Tulipa e Rua Avenca | G42: =G36-G39 -> 1601.07 | J42: 1.3 | L42: 2081.39 | M42: =TRUNC((PRODUCT(G42:K42)),2) -> 2081.39 | N42: =IF('MEMORIA DE CAL.'!$M42>'MEMORIA DE CAL.'!$L42,'MEMORIA DE CAL.'!$M42-'MEMORIA DE CAL.'!$L42,0) -> 0 | O42: =IF('MEMORIA DE CAL.'!$M42<'MEMORIA DE CAL.'!$L42,'MEMORIA DE CAL.'!$L42-'MEMORIA DE CAL.'!$M42,0) -> 0 | P42: ='MEMORIA DE CAL.'!$L42+'MEMORIA DE CAL.'!$N42-'MEMORIA DE CAL.'!$O42 -> 2081.39
B43: 3.4 | C43: SINAPI | D43: 95875 | E43: TRANSPORTE COM CAMINHÃO BASCULANTE DE 10 M³, EM VIA URBANA PAVIMENTADA, DMT ATÉ 30 KM (UNIDADE: M3XKM). AF_02/2026 | F43: M3XKM | L43: =TRUNC((SUBTOTAL(9,'MEMORIA DE CAL.'!L44:L45)),2) -> 5827.89 | M43: =TRUNC((SUBTOTAL(9,'MEMORIA DE CAL.'!M44:M45)),2) -> 5827.89 | N43: =TRUNC((SUBTOTAL(9,'MEMORIA DE CAL.'!N44:N45)),2) -> 0 | O43: =TRUNC((SUBTOTAL(9,'MEMORIA DE CAL.'!O44:O45)),2) -> 0 | P43: =TRUNC((SUBTOTAL(9,'MEMORIA DE CAL.'!P44:P45)),2) -> 5827.89
B44: 3.4 | E44: Quantitativo conforme item 3.3 - carga bota-fora | G44: Volume total (m3) | J44: DMT (Km)
B45: 3.4 | D45: MÊS 01 | E45: Transporte do material escendente da escavação | G45: 2081.39 | J45: 2.8 | L45: 5827.89 | M45: =TRUNC((PRODUCT(G45:K45)),2) -> 5827.89 | N45: =IF('MEMORIA DE CAL.'!$M45>'MEMORIA DE CAL.'!$L45,'MEMORIA DE CAL.'!$M45-'MEMORIA DE CAL.'!$L45,0) -> 0 | O45: =IF('MEMORIA DE CAL.'!$M45<'MEMORIA DE CAL.'!$L45,'MEMORIA DE CAL.'!$L45-'MEMORIA DE CAL.'!$M45,0) -> 0 | P45: ='MEMORIA DE CAL.'!$L45+'MEMORIA DE CAL.'!$N45-'MEMORIA DE CAL.'!$O45 -> 5827.89
B46: 3.5 | C46: SINAPI | D46: 100574 | E46: ESPALHAMENTO DE MATERIAL COM TRATOR DE ESTEIRAS. AF_09/2024 | F46: M3 | L46: =TRUNC((SUBTOTAL(9,'MEMORIA DE CAL.'!L47:L48)),2) -> 2081.39 | M46: =TRUNC((SUBTOTAL(9,'MEMORIA DE CAL.'!M47:M48)),2) -> 2081.39 | N46: =TRUNC((SUBTOTAL(9,'MEMORIA DE CAL.'!N47:N48)),2) -> 0 | O46: =TRUNC((SUBTOTAL(9,'MEMORIA DE CAL.'!O47:O48)),2) -> 0 | P46: =TRUNC((SUBTOTAL(9,'MEMORIA DE CAL.'!P47:P48)),2) -> 2081.39
B47: 3.5 | E47: Espalhamento do material item 3.3 na área do bota fora | G47: Volume total (m3)
B48: 3.5 | D48: MÊS 01 | E48: Espalhamento do material escendente da escavação | G48: 2081.39 | L48: 2081.39 | M48: =TRUNC((PRODUCT(G48:K48)),2) -> 2081.39 | N48: =IF('MEMORIA DE CAL.'!$M48>'MEMORIA DE CAL.'!$L48,'MEMORIA DE CAL.'!$M48-'MEMORIA DE CAL.'!$L48,0) -> 0 | O48: =IF('MEMORIA DE CAL.'!$M48<'MEMORIA DE CAL.'!$L48,'MEMORIA DE CAL.'!$L48-'MEMORIA DE CAL.'!$M48,0) -> 0 | P48: ='MEMORIA DE CAL.'!$L48+'MEMORIA DE CAL.'!$N48-'MEMORIA DE CAL.'!$O48 -> 2081.39
B49: 4 | E49: DRENAGEM
B50: 4.1 | C50: SINAPI | D50: 90082 | E50: ESCAVAÇÃO MECANIZADA DE VALA COM PROF. ATÉ 1,5 M (MÉDIA MONTANTE E JUSANTE/UMA COMPOSIÇÃO POR TRECHO), ESCAVADEIRA (0,8 M3), LARG. DE 1,5 M A 2,5 M, EM SOLO DE 1A CATEGORIA, EM LOCAIS COM ALTO NÍVEL DE INTERFERÊNCIA. AF_09/2024 | F50: M3 | L50: =TRUNC((SUBTOTAL(9,'MEMORIA DE CAL.'!L51:L61)),2) -> 27.5 | M50: =TRUNC((SUBTOTAL(9,'MEMORIA DE CAL.'!M51:M61)),2) -> 27.5 | N50: =TRUNC((SUBTOTAL(9,'MEMORIA DE CAL.'!N51:N61)),2) -> 0 | O50: =TRUNC((SUBTOTAL(9,'MEMORIA DE CAL.'!O51:O61)),2) -> 0 | P50: =TRUNC((SUBTOTAL(9,'MEMORIA DE CAL.'!P51:P61)),2) -> 27.5
B51: 4.1 | E51: Conforme lista de quantitativos presente na prancha 04/04 do projeto de drenagem.
B52: 4.1 | E52: Rede Tubo Ø400 | H52: Comp. Rede | I52: Largura vala | J52: H médio
B53: 4.1 | E53: Rua Rosa
B54: 4.1 | D54: MÊS 02 | E54: BLC-02 (13) - PVI-02 (11) | H54: 3 | I54: 1 | J54: =(1.3+1.4)/2 -> 1.35 | L54: =M54 -> 4.05 | M54: =TRUNC((PRODUCT(G54:K54)),2) -> 4.05 | N54: =IF('MEMORIA DE CAL.'!$M54>'MEMORIA DE CAL.'!$L54,'MEMORIA DE CAL.'!$M54-'MEMORIA DE CAL.'!$L54,0) -> 0 | O54: =IF('MEMORIA DE CAL.'!$M54<'MEMORIA DE CAL.'!$L54,'MEMORIA DE CAL.'!$L54-'MEMORIA DE CAL.'!$M54,0) -> 0 | P54: ='MEMORIA DE CAL.'!$L54+'MEMORIA DE CAL.'!$N54-'MEMORIA DE CAL.'!$O54 -> 4.05
B55: 4.1 | D55: MÊS 02 | E55: BLC-02 (14) - PVI-02 (11) | H55: 3 | I55: 1 | J55: =(1.3+1.41)/2 -> 1.355 | L55: =M55 -> 4.06 | M55: =TRUNC((PRODUCT(G55:K55)),2) -> 4.06 | N55: =IF('MEMORIA DE CAL.'!$M55>'MEMORIA DE CAL.'!$L55,'MEMORIA DE CAL.'!$M55-'MEMORIA DE CAL.'!$L55,0) -> 0 | O55: =IF('MEMORIA DE CAL.'!$M55<'MEMORIA DE CAL.'!$L55,'MEMORIA DE CAL.'!$L55-'MEMORIA DE CAL.'!$M55,0) -> 0 | P55: ='MEMORIA DE CAL.'!$L55+'MEMORIA DE CAL.'!$N55-'MEMORIA DE CAL.'!$O55 -> 4.06
B56: 4.1 | D56: MÊS 02 | E56: BLC-02 (11) - PVI-02 (09) | H56: 4 | I56: 1 | J56: =(1.5+1.39)/2 -> 1.445 | L56: =M56 -> 5.78 | M56: =TRUNC((PRODUCT(G56:K56)),2) -> 5.78 | N56: =IF('MEMORIA DE CAL.'!$M56>'MEMORIA DE CAL.'!$L56,'MEMORIA DE CAL.'!$M56-'MEMORIA DE CAL.'!$L56,0) -> 0 | O56: =IF('MEMORIA DE CAL.'!$M56<'MEMORIA DE CAL.'!$L56,'MEMORIA DE CAL.'!$L56-'MEMORIA DE CAL.'!$M56,0) -> 0 | P56: ='MEMORIA DE CAL.'!$L56+'MEMORIA DE CAL.'!$N56-'MEMORIA DE CAL.'!$O56 -> 5.78
B57: 4.1 | D57: MÊS 02 | E57: BLC-02 (12) - PVI-02 (09) | H57: 3 | I57: 1 | J57: =(1.5+1.39)/2 -> 1.445 | L57: =M57 -> 4.33 | M57: =TRUNC((PRODUCT(G57:K57)),2) -> 4.33 | N57: =IF('MEMORIA DE CAL.'!$M57>'MEMORIA DE CAL.'!$L57,'MEMORIA DE CAL.'!$M57-'MEMORIA DE CAL.'!$L57,0) -> 0 | O57: =IF('MEMORIA DE CAL.'!$M57<'MEMORIA DE CAL.'!$L57,'MEMORIA DE CAL.'!$L57-'MEMORIA DE CAL.'!$M57,0) -> 0 | P57: ='MEMORIA DE CAL.'!$L57+'MEMORIA DE CAL.'!$N57-'MEMORIA DE CAL.'!$O57 -> 4.33
B58: 4.1 | E58: Rua Tulipa
B59: 4.1 | E59: Rua Avenca
B60: 4.1 | D60: MÊS 02 | E60: BLC-02 (03) - PVI-02 (03) | H60: 4 | I60: 1 | J60: =(1.3+1.34)/2 -> 1.32 | L60: =M60 -> 5.28 | M60: =TRUNC((PRODUCT(G60:K60)),2) -> 5.28 | N60: =IF('MEMORIA DE CAL.'!$M60>'MEMORIA DE CAL.'!$L60,'MEMORIA DE CAL.'!$M60-'MEMORIA DE CAL.'!$L60,0) -> 0 | O60: =IF('MEMORIA DE CAL.'!$M60<'MEMORIA DE CAL.'!$L60,'MEMORIA DE CAL.'!$L60-'MEMORIA DE CAL.'!$M60,0) -> 0 | P60: ='MEMORIA DE CAL.'!$L60+'MEMORIA DE CAL.'!$N60-'MEMORIA DE CAL.'!$O60 -> 5.28
B61: 4.1 | D61: MÊS 02 | E61: BLC-02 (04) - PVI-02 (03) | H61: 3 | I61: 1 | J61: =(1.3+1.37)/2 -> 1.335 | L61: =M61 -> 4 | M61: =TRUNC((PRODUCT(G61:K61)),2) -> 4 | N61: =IF('MEMORIA DE CAL.'!$M61>'MEMORIA DE CAL.'!$L61,'MEMORIA DE CAL.'!$M61-'MEMORIA DE CAL.'!$L61,0) -> 0 | O61: =IF('MEMORIA DE CAL.'!$M61<'MEMORIA DE CAL.'!$L61,'MEMORIA DE CAL.'!$L61-'MEMORIA DE CAL.'!$M61,0) -> 0 | P61: ='MEMORIA DE CAL.'!$L61+'MEMORIA DE CAL.'!$N61-'MEMORIA DE CAL.'!$O61 -> 4
B62: 4.2 | C62: SINAPI | D62: 102278 | E62: ESCAVAÇÃO MECANIZADA DE VALA COM PROF. MAIOR QUE 1,50 M ATÉ 3,0 M (MÉDIA MONTANTE E JUSANTE/UMA COMPOSIÇÃO POR TRECHO), ESCAVADEIRA (1,2 M3), LARG. DE 1,5 M A 2,5 M, EM SOLO DE 1A CATEGORIA, EM LOCAIS COM ALTO NÍVEL DE INTERFERÊNCIA. AF_09/2024 | F62: M3 | L62: =TRUNC((SUBTOTAL(9,'MEMORIA DE CAL.'!L63:L92)),2) -> 665.3 | M62: =TRUNC((SUBTOTAL(9,'MEMORIA DE CAL.'!M63:M92)),2) -> 665.3 | N62: =TRUNC((SUBTOTAL(9,'MEMORIA DE CAL.'!N63:N92)),2) -> 0 | O62: =TRUNC((SUBTOTAL(9,'MEMORIA DE CAL.'!O63:O92)),2) -> 0 | P62: =TRUNC((SUBTOTAL(9,'MEMORIA DE CAL.'!P63:P92)),2) -> 665.3
B63: 4.2 | E63: Rede Tubo Ø400 | H63: Comp. Rede | I63: Largura vala | J63: H médio
B64: 4.2 | E64: Rua Rosa
B65: 4.2 | D65: MÊS 02 | E65: BLD-02 (15) - PVI-02 (12) | H65: 4 | I65: 1 | J65: =(1.5+1.63)/2 -> 1.565 | L65: =M65 -> 6.26 | M65: =TRUNC((PRODUCT(G65:K65)),2) -> 6.26 | N65: =IF('MEMORIA DE CAL.'!$M65>'MEMORIA DE CAL.'!$L65,'MEMORIA DE CAL.'!$M65-'MEMORIA DE CAL.'!$L65,0) -> 0 | O65: =IF('MEMORIA DE CAL.'!$M65<'MEMORIA DE CAL.'!$L65,'MEMORIA DE CAL.'!$L65-'MEMORIA DE CAL.'!$M65,0) -> 0 | P65: ='MEMORIA DE CAL.'!$L65+'MEMORIA DE CAL.'!$N65-'MEMORIA DE CAL.'!$O65 -> 6.26
B66: 4.2 | D66: MÊS 02 | E66: BLD-02 (16) - PVI-02 (12) | H66: 4 | I66: 1 | J66: =(1.5+1.63)/2 -> 1.565 | L66: =M66 -> 6.26 | M66: =TRUNC((PRODUCT(G66:K66)),2) -> 6.26 | N66: =IF('MEMORIA DE CAL.'!$M66>'MEMORIA DE CAL.'!$L66,'MEMORIA DE CAL.'!$M66-'MEMORIA DE CAL.'!$L66,0) -> 0 | O66: =IF('MEMORIA DE CAL.'!$M66<'MEMORIA DE CAL.'!$L66,'MEMORIA DE CAL.'!$L66-'MEMORIA DE CAL.'!$M66,0) -> 0 | P66: ='MEMORIA DE CAL.'!$L66+'MEMORIA DE CAL.'!$N66-'MEMORIA DE CAL.'!$O66 -> 6.26
B67: 4.2 | E67: Rua Tulipa
B68: 4.2 | D68: MÊS 02 | E68: BLC-02 (09) - PVI-02 (08) | H68: 4 | I68: 1 | J68: =(1.5+1.7)/2 -> 1.6 | L68: =M68 -> 6.4 | M68: =TRUNC((PRODUCT(G68:K68)),2) -> 6.4 | N68: =IF('MEMORIA DE CAL.'!$M68>'MEMORIA DE CAL.'!$L68,'MEMORIA DE CAL.'!$M68-'MEMORIA DE CAL.'!$L68,0) -> 0 | O68: =IF('MEMORIA DE CAL.'!$M68<'MEMORIA DE CAL.'!$L68,'MEMORIA DE CAL.'!$L68-'MEMORIA DE CAL.'!$M68,0) -> 0 | P68: ='MEMORIA DE CAL.'!$L68+'MEMORIA DE CAL.'!$N68-'MEMORIA DE CAL.'!$O68 -> 6.4
B69: 4.2 | D69: MÊS 02 | E69: BLC-02 (10) - PVI-02 (08) | H69: 5 | I69: 1 | J69: =(1.5+1.72)/2 -> 1.61 | L69: =M69 -> 8.05 | M69: =TRUNC((PRODUCT(G69:K69)),2) -> 8.05 | N69: =IF('MEMORIA DE CAL.'!$M69>'MEMORIA DE CAL.'!$L69,'MEMORIA DE CAL.'!$M69-'MEMORIA DE CAL.'!$L69,0) -> 0 | O69: =IF('MEMORIA DE CAL.'!$M69<'MEMORIA DE CAL.'!$L69,'MEMORIA DE CAL.'!$L69-'MEMORIA DE CAL.'!$M69,0) -> 0 | P69: ='MEMORIA DE CAL.'!$L69+'MEMORIA DE CAL.'!$N69-'MEMORIA DE CAL.'!$O69 -> 8.05
B70: 4.2 | D70: MÊS 02 | E70: BLD-02 (07) - PVI-02 (06) | H70: 5 | I70: 1 | J70: =(1.5+1.74)/2 -> 1.62 | L70: =M70 -> 8.1 | M70: =TRUNC((PRODUCT(G70:K70)),2) -> 8.1 | N70: =IF('MEMORIA DE CAL.'!$M70>'MEMORIA DE CAL.'!$L70,'MEMORIA DE CAL.'!$M70-'MEMORIA DE CAL.'!$L70,0) -> 0 | O70: =IF('MEMORIA DE CAL.'!$M70<'MEMORIA DE CAL.'!$L70,'MEMORIA DE CAL.'!$L70-'MEMORIA DE CAL.'!$M70,0) -> 0 | P70: ='MEMORIA DE CAL.'!$L70+'MEMORIA DE CAL.'!$N70-'MEMORIA DE CAL.'!$O70 -> 8.1
B71: 4.2 | D71: MÊS 02 | E71: BLD-02 (08) - PVI-02 (06) | H71: 3 | I71: 1 | J71: =(1.5+1.66)/2 -> 1.58 | L71: =M71 -> 4.74 | M71: =TRUNC((PRODUCT(G71:K71)),2) -> 4.74 | N71: =IF('MEMORIA DE CAL.'!$M71>'MEMORIA DE CAL.'!$L71,'MEMORIA DE CAL.'!$M71-'MEMORIA DE CAL.'!$L71,0) -> 0 | O71: =IF('MEMORIA DE CAL.'!$M71<'MEMORIA DE CAL.'!$L71,'MEMORIA DE CAL.'!$L71-'MEMORIA DE CAL.'!$M71,0) -> 0 | P71: ='MEMORIA DE CAL.'!$L71+'MEMORIA DE CAL.'!$N71-'MEMORIA DE CAL.'!$O71 -> 4.74
B72: 4.2 | D72: MÊS 02 | E72: BLD-02 (01) - PVI-02 (01) | H72: 5 | I72: 1 | J72: =(1.5+1.65)/2 -> 1.575 | L72: =M72 -> 7.87 | M72: =TRUNC((PRODUCT(G72:K72)),2) -> 7.87 | N72: =IF('MEMORIA DE CAL.'!$M72>'MEMORIA DE CAL.'!$L72,'MEMORIA DE CAL.'!$M72-'MEMORIA DE CAL.'!$L72,0) -> 0 | O72: =IF('MEMORIA DE CAL.'!$M72<'MEMORIA DE CAL.'!$L72,'MEMORIA DE CAL.'!$L72-'MEMORIA DE CAL.'!$M72,0) -> 0 | P72: ='MEMORIA DE CAL.'!$L72+'MEMORIA DE CAL.'!$N72-'MEMORIA DE CAL.'!$O72 -> 7.87
B73: 4.2 | D73: MÊS 02 | E73: BLD-02 (02) - PVI-02 (01) | H73: 7 | I73: 1 | J73: =(1.5+1.72)/2 -> 1.61 | L73: =M73 -> 11.27 | M73: =TRUNC((PRODUCT(G73:K73)),2) -> 11.27 | N73: =IF('MEMORIA DE CAL.'!$M73>'MEMORIA DE CAL.'!$L73,'MEMORIA DE CAL.'!$M73-'MEMORIA DE CAL.'!$L73,0) -> 0 | O73: =IF('MEMORIA DE CAL.'!$M73<'MEMORIA DE CAL.'!$L73,'MEMORIA DE CAL.'!$L73-'MEMORIA DE CAL.'!$M73,0) -> 0 | P73: ='MEMORIA DE CAL.'!$L73+'MEMORIA DE CAL.'!$N73-'MEMORIA DE CAL.'!$O73 -> 11.27
B74: 4.2 | E74: Rua Avenca
B75: 4.2 | D75: MÊS 02 | E75: BLD-02 (05) - PVI-02 (05) | H75: 4 | I75: 1 | J75: =(1.5+1.51)/2 -> 1.505 | L75: =M75 -> 6.02 | M75: =TRUNC((PRODUCT(G75:K75)),2) -> 6.02 | N75: =IF('MEMORIA DE CAL.'!$M75>'MEMORIA DE CAL.'!$L75,'MEMORIA DE CAL.'!$M75-'MEMORIA DE CAL.'!$L75,0) -> 0 | O75: =IF('MEMORIA DE CAL.'!$M75<'MEMORIA DE CAL.'!$L75,'MEMORIA DE CAL.'!$L75-'MEMORIA DE CAL.'!$M75,0) -> 0 | P75: ='MEMORIA DE CAL.'!$L75+'MEMORIA DE CAL.'!$N75-'MEMORIA DE CAL.'!$O75 -> 6.02
B76: 4.2 | D76: MÊS 02 | E76: BLD-02 (06) - PVI-02 (05) | H76: 4 | I76: 1 | J76: =(1.5+1.51)/2 -> 1.505 | L76: =M76 -> 6.02 | M76: =TRUNC((PRODUCT(G76:K76)),2) -> 6.02 | N76: =IF('MEMORIA DE CAL.'!$M76>'MEMORIA DE CAL.'!$L76,'MEMORIA DE CAL.'!$M76-'MEMORIA DE CAL.'!$L76,0) -> 0 | O76: =IF('MEMORIA DE CAL.'!$M76<'MEMORIA DE CAL.'!$L76,'MEMORIA DE CAL.'!$L76-'MEMORIA DE CAL.'!$M76,0) -> 0 | P76: ='MEMORIA DE CAL.'!$L76+'MEMORIA DE CAL.'!$N76-'MEMORIA DE CAL.'!$O76 -> 6.02
B77: 4.2 | E77: Rede Tubo Ø600 | H77: Comp. Rede | I77: Largura vala | J77: H médio
B78: 4.2 | E78: Rua Rosa
B79: 4.2 | D79: MÊS 01 | E79: ALA - PVI-02 (12) | H79: 9.2 | I79: 1.3 | J79: 2 | L79: =M79 -> 23.92 | M79: =TRUNC((PRODUCT(G79:K79)),2) -> 23.92 | N79: =IF('MEMORIA DE CAL.'!$M79>'MEMORIA DE CAL.'!$L79,'MEMORIA DE CAL.'!$M79-'MEMORIA DE CAL.'!$L79,0) -> 0 | O79: =IF('MEMORIA DE CAL.'!$M79<'MEMORIA DE CAL.'!$L79,'MEMORIA DE CAL.'!$L79-'MEMORIA DE CAL.'!$M79,0) -> 0 | P79: ='MEMORIA DE CAL.'!$L79+'MEMORIA DE CAL.'!$N79-'MEMORIA DE CAL.'!$O79 -> 23.92
B80: 4.2 | D80: MÊS 01 | E80: PVI-02 (11) - PVI-02 (12) | H80: 43.5 | I80: 1.3 | J80: =(1.73+2)/2 -> 1.865 | L80: =M80 -> 105.46 | M80: =TRUNC((PRODUCT(G80:K80)),2) -> 105.46 | N80: =IF('MEMORIA DE CAL.'!$M80>'MEMORIA DE CAL.'!$L80,'MEMORIA DE CAL.'!$M80-'MEMORIA DE CAL.'!$L80,0) -> 0 | O80: =IF('MEMORIA DE CAL.'!$M80<'MEMORIA DE CAL.'!$L80,'MEMORIA DE CAL.'!$L80-'MEMORIA DE CAL.'!$M80,0) -> 0 | P80: ='MEMORIA DE CAL.'!$L80+'MEMORIA DE CAL.'!$N80-'MEMORIA DE CAL.'!$O80 -> 105.46
B81: 4.2 | D81: MÊS 01 | E81: PVI-02 (11) - PVI-02 (10) | H81: 33.5 | I81: 1.3 | J81: =(1.73+2)/2 -> 1.865 | L81: =M81 -> 81.22 | M81: =TRUNC((PRODUCT(G81:K81)),2) -> 81.22 | N81: =IF('MEMORIA DE CAL.'!$M81>'MEMORIA DE CAL.'!$L81,'MEMORIA DE CAL.'!$M81-'MEMORIA DE CAL.'!$L81,0) -> 0 | O81: =IF('MEMORIA DE CAL.'!$M81<'MEMORIA DE CAL.'!$L81,'MEMORIA DE CAL.'!$L81-'MEMORIA DE CAL.'!$M81,0) -> 0 | P81: ='MEMORIA DE CAL.'!$L81+'MEMORIA DE CAL.'!$N81-'MEMORIA DE CAL.'!$O81 -> 81.22
B82: 4.2 | D82: MÊS 01 | E82: PVI-02 (09) - PVI-02 (10) | H82: 9.1 | I82: 1.3 | J82: =(1.4+2)/2 -> 1.7 | L82: =M82 -> 20.11 | M82: =TRUNC((PRODUCT(G82:K82)),2) -> 20.11 | N82: =IF('MEMORIA DE CAL.'!$M82>'MEMORIA DE CAL.'!$L82,'MEMORIA DE CAL.'!$M82-'MEMORIA DE CAL.'!$L82,0) -> 0 | O82: =IF('MEMORIA DE CAL.'!$M82<'MEMORIA DE CAL.'!$L82,'MEMORIA DE CAL.'!$L82-'MEMORIA DE CAL.'!$M82,0) -> 0 | P82: ='MEMORIA DE CAL.'!$L82+'MEMORIA DE CAL.'!$N82-'MEMORIA DE CAL.'!$O82 -> 20.11
B83: 4.2 | E83: Rua Tulipa
B84: 4.2 | D84: MÊS 01 | E84: PVI-02 (08) - PVI-02 (10) | H84: 9 | I84: 1.3 | J84: =(2+2)/2 -> 2 | L84: =M84 -> 23.4 | M84: =TRUNC((PRODUCT(G84:K84)),2) -> 23.4 | N84: =IF('MEMORIA DE CAL.'!$M84>'MEMORIA DE CAL.'!$L84,'MEMORIA DE CAL.'!$M84-'MEMORIA DE CAL.'!$L84,0) -> 0 | O84: =IF('MEMORIA DE CAL.'!$M84<'MEMORIA DE CAL.'!$L84,'MEMORIA DE CAL.'!$L84-'MEMORIA DE CAL.'!$M84,0) -> 0 | P84: ='MEMORIA DE CAL.'!$L84+'MEMORIA DE CAL.'!$N84-'MEMORIA DE CAL.'!$O84 -> 23.4
B85: 4.2 | D85: MÊS 01 | E85: PVI-02 (07) - PVI-02 (08) | H85: 18.9 | I85: 1.3 | J85: =(2+2)/2 -> 2 | L85: =M85 -> 49.14 | M85: =TRUNC((PRODUCT(G85:K85)),2) -> 49.14 | N85: =IF('MEMORIA DE CAL.'!$M85>'MEMORIA DE CAL.'!$L85,'MEMORIA DE CAL.'!$M85-'MEMORIA DE CAL.'!$L85,0) -> 0 | O85: =IF('MEMORIA DE CAL.'!$M85<'MEMORIA DE CAL.'!$L85,'MEMORIA DE CAL.'!$L85-'MEMORIA DE CAL.'!$M85,0) -> 0 | P85: ='MEMORIA DE CAL.'!$L85+'MEMORIA DE CAL.'!$N85-'MEMORIA DE CAL.'!$O85 -> 49.14
B86: 4.2 | D86: MÊS 01 | E86: PVI-02 (07) - PVI-02 (06) | H86: 14.9 | I86: 1.3 | J86: =(2+1.75)/2 -> 1.875 | L86: =M86 -> 36.31 | M86: =TRUNC((PRODUCT(G86:K86)),2) -> 36.31 | N86: =IF('MEMORIA DE CAL.'!$M86>'MEMORIA DE CAL.'!$L86,'MEMORIA DE CAL.'!$M86-'MEMORIA DE CAL.'!$L86,0) -> 0 | O86: =IF('MEMORIA DE CAL.'!$M86<'MEMORIA DE CAL.'!$L86,'MEMORIA DE CAL.'!$L86-'MEMORIA DE CAL.'!$M86,0) -> 0 | P86: ='MEMORIA DE CAL.'!$L86+'MEMORIA DE CAL.'!$N86-'MEMORIA DE CAL.'!$O86 -> 36.31
B87: 4.2 | D87: MÊS 02 | E87: PVI-02 (01) - PVI-02 (02) | H87: 7.2 | I87: 1.3 | J87: =(2+2.15)/2 -> 2.075 | L87: =M87 -> 19.42 | M87: =TRUNC((PRODUCT(G87:K87)),2) -> 19.42 | N87: =IF('MEMORIA DE CAL.'!$M87>'MEMORIA DE CAL.'!$L87,'MEMORIA DE CAL.'!$M87-'MEMORIA DE CAL.'!$L87,0) -> 0 | O87: =IF('MEMORIA DE CAL.'!$M87<'MEMORIA DE CAL.'!$L87,'MEMORIA DE CAL.'!$L87-'MEMORIA DE CAL.'!$M87,0) -> 0 | P87: ='MEMORIA DE CAL.'!$L87+'MEMORIA DE CAL.'!$N87-'MEMORIA DE CAL.'!$O87 -> 19.42
B88: 4.2 | E88: Rua Avenca
B89: 4.2 | D89: MÊS 02 | E89: PVI-02 (03) - PVI-02 (02) | H89: 35 | I89: 1.3 | J89: =(1.88+2.15)/2 -> 2.015 | L89: =M89 -> 91.68 | M89: =TRUNC((PRODUCT(G89:K89)),2) -> 91.68 | N89: =IF('MEMORIA DE CAL.'!$M89>'MEMORIA DE CAL.'!$L89,'MEMORIA DE CAL.'!$M89-'MEMORIA DE CAL.'!$L89,0) -> 0 | O89: =IF('MEMORIA DE CAL.'!$M89<'MEMORIA DE CAL.'!$L89,'MEMORIA DE CAL.'!$L89-'MEMORIA DE CAL.'!$M89,0) -> 0 | P89: ='MEMORIA DE CAL.'!$L89+'MEMORIA DE CAL.'!$N89-'MEMORIA DE CAL.'!$O89 -> 91.68
B90: 4.2 | D90: MÊS 02 | E90: PVI-02 (03) - PVI-02 (04) | H90: 35 | I90: 1.3 | J90: =(1.88+2)/2 -> 1.94 | L90: =M90 -> 88.27 | M90: =TRUNC((PRODUCT(G90:K90)),2) -> 88.27 | N90: =IF('MEMORIA DE CAL.'!$M90>'MEMORIA DE CAL.'!$L90,'MEMORIA DE CAL.'!$M90-'MEMORIA DE CAL.'!$L90,0) -> 0 | O90: =IF('MEMORIA DE CAL.'!$M90<'MEMORIA DE CAL.'!$L90,'MEMORIA DE CAL.'!$L90-'MEMORIA DE CAL.'!$M90,0) -> 0 | P90: ='MEMORIA DE CAL.'!$L90+'MEMORIA DE CAL.'!$N90-'MEMORIA DE CAL.'!$O90 -> 88.27
B91: 4.2 | D91: MÊS 02 | E91: PVI-02 (05) - PVI-02 (04) | H91: 16.9 | I91: 1.3 | J91: =(2+2)/2 -> 2 | L91: =M91 -> 43.94 | M91: =TRUNC((PRODUCT(G91:K91)),2) -> 43.94 | N91: =IF('MEMORIA DE CAL.'!$M91>'MEMORIA DE CAL.'!$L91,'MEMORIA DE CAL.'!$M91-'MEMORIA DE CAL.'!$L91,0) -> 0 | O91: =IF('MEMORIA DE CAL.'!$M91<'MEMORIA DE CAL.'!$L91,'MEMORIA DE CAL.'!$L91-'MEMORIA DE CAL.'!$M91,0) -> 0 | P91: ='MEMORIA DE CAL.'!$L91+'MEMORIA DE CAL.'!$N91-'MEMORIA DE CAL.'!$O91 -> 43.94
B92: 4.2 | D92: MÊS 02 | E92: ALA - PVI-02 (05) | H92: 4.4 | I92: 1.3 | J92: 2 | L92: =M92 -> 11.44 | M92: =TRUNC((PRODUCT(G92:K92)),2) -> 11.44 | N92: =IF('MEMORIA DE CAL.'!$M92>'MEMORIA DE CAL.'!$L92,'MEMORIA DE CAL.'!$M92-'MEMORIA DE CAL.'!$L92,0) -> 0 | O92: =IF('MEMORIA DE CAL.'!$M92<'MEMORIA DE CAL.'!$L92,'MEMORIA DE CAL.'!$L92-'MEMORIA DE CAL.'!$M92,0) -> 0 | P92: ='MEMORIA DE CAL.'!$L92+'MEMORIA DE CAL.'!$N92-'MEMORIA DE CAL.'!$O92 -> 11.44
B93: 4.3 | C93: SINAPI | D93: 101619 | E93: PREPARO DE FUNDO DE VALA COM LARGURA MENOR QUE 1,5 M, COM CAMADA DE BRITA, LANÇAMENTO MANUAL. AF_08/2020 | F93: M3 | L93: =TRUNC((SUBTOTAL(9,'MEMORIA DE CAL.'!L94:L129)),2) -> 52.58 | M93: =TRUNC((SUBTOTAL(9,'MEMORIA DE CAL.'!M94:M129)),2) -> 52.58 | N93: =TRUNC((SUBTOTAL(9,'MEMORIA DE CAL.'!N94:N129)),2) -> 0 | O93: =TRUNC((SUBTOTAL(9,'MEMORIA DE CAL.'!O94:O129)),2) -> 0 | P93: =TRUNC((SUBTOTAL(9,'MEMORIA DE CAL.'!P94:P129)),2) -> 52.58
B94: 4.3 | E94: Rede Tubo Ø400 | H94: Comp. Rede | I94: Largura vala | J94: H médio
B95: 4.3 | E95: Rua Rosa
B96: 4.3 | D96: MÊS 02 | E96: BLD-02 (15) - PVI-02 (12) | H96: =H65 -> 4 | I96: =I65 -> 1 | J96: 0.1 | L96: =M96 -> 0.4 | M96: =TRUNC((PRODUCT(G96:K96)),2) -> 0.4 | N96: =IF('MEMORIA DE CAL.'!$M96>'MEMORIA DE CAL.'!$L96,'MEMORIA DE CAL.'!$M96-'MEMORIA DE CAL.'!$L96,0) -> 0 | O96: =IF('MEMORIA DE CAL.'!$M96<'MEMORIA DE CAL.'!$L96,'MEMORIA DE CAL.'!$L96-'MEMORIA DE CAL.'!$M96,0) -> 0 | P96: ='MEMORIA DE CAL.'!$L96+'MEMORIA DE CAL.'!$N96-'MEMORIA DE CAL.'!$O96 -> 0.4
B97: 4.3 | D97: MÊS 02 | E97: BLD-02 (16) - PVI-02 (12) | H97: =H66 -> 4 | I97: =I66 -> 1 | J97: 0.1 | L97: =M97 -> 0.4 | M97: =TRUNC((PRODUCT(G97:K97)),2) -> 0.4 | N97: =IF('MEMORIA DE CAL.'!$M97>'MEMORIA DE CAL.'!$L97,'MEMORIA DE CAL.'!$M97-'MEMORIA DE CAL.'!$L97,0) -> 0 | O97: =IF('MEMORIA DE CAL.'!$M97<'MEMORIA DE CAL.'!$L97,'MEMORIA DE CAL.'!$L97-'MEMORIA DE CAL.'!$M97,0) -> 0 | P97: ='MEMORIA DE CAL.'!$L97+'MEMORIA DE CAL.'!$N97-'MEMORIA DE CAL.'!$O97 -> 0.4
B98: 4.3 | D98: MÊS 02 | E98: BLC-02 (13) - PVI-02 (11) | H98: =H54 -> 3 | I98: =I54 -> 1 | J98: 0.1 | L98: =M98 -> 0.3 | M98: =TRUNC((PRODUCT(G98:K98)),2) -> 0.3 | N98: =IF('MEMORIA DE CAL.'!$M98>'MEMORIA DE CAL.'!$L98,'MEMORIA DE CAL.'!$M98-'MEMORIA DE CAL.'!$L98,0) -> 0 | O98: =IF('MEMORIA DE CAL.'!$M98<'MEMORIA DE CAL.'!$L98,'MEMORIA DE CAL.'!$L98-'MEMORIA DE CAL.'!$M98,0) -> 0 | P98: ='MEMORIA DE CAL.'!$L98+'MEMORIA DE CAL.'!$N98-'MEMORIA DE CAL.'!$O98 -> 0.3
B99: 4.3 | D99: MÊS 02 | E99: BLC-02 (14) - PVI-02 (11) | H99: =H55 -> 3 | I99: =I55 -> 1 | J99: 0.1 | L99: =M99 -> 0.3 | M99: =TRUNC((PRODUCT(G99:K99)),2) -> 0.3 | N99: =IF('MEMORIA DE CAL.'!$M99>'MEMORIA DE CAL.'!$L99,'MEMORIA DE CAL.'!$M99-'MEMORIA DE CAL.'!$L99,0) -> 0 | O99: =IF('MEMORIA DE CAL.'!$M99<'MEMORIA DE CAL.'!$L99,'MEMORIA DE CAL.'!$L99-'MEMORIA DE CAL.'!$M99,0) -> 0 | P99: ='MEMORIA DE CAL.'!$L99+'MEMORIA DE CAL.'!$N99-'MEMORIA DE CAL.'!$O99 -> 0.3
B100: 4.3 | D100: MÊS 02 | E100: BLC-02 (11) - PVI-02 (09) | H100: =H56 -> 4 | I100: =I56 -> 1 | J100: 0.1 | L100: =M100 -> 0.4 | M100: =TRUNC((PRODUCT(G100:K100)),2) -> 0.4 | N100: =IF('MEMORIA DE CAL.'!$M100>'MEMORIA DE CAL.'!$L100,'MEMORIA DE CAL.'!$M100-'MEMORIA DE CAL.'!$L100,0) -> 0 | O100: =IF('MEMORIA DE CAL.'!$M100<'MEMORIA DE CAL.'!$L100,'MEMORIA DE CAL.'!$L100-'MEMORIA DE CAL.'!$M100,0) -> 0 | P100: ='MEMORIA DE CAL.'!$L100+'MEMORIA DE CAL.'!$N100-'MEMORIA DE CAL.'!$O100 -> 0.4
B101: 4.3 | D101: MÊS 02 | E101: BLC-02 (12) - PVI-02 (09) | H101: =H57 -> 3 | I101: =I57 -> 1 | J101: 0.1 | L101: =M101 -> 0.3 | M101: =TRUNC((PRODUCT(G101:K101)),2) -> 0.3 | N101: =IF('MEMORIA DE CAL.'!$M101>'MEMORIA DE CAL.'!$L101,'MEMORIA DE CAL.'!$M101-'MEMORIA DE CAL.'!$L101,0) -> 0 | O101: =IF('MEMORIA DE CAL.'!$M101<'MEMORIA DE CAL.'!$L101,'MEMORIA DE CAL.'!$L101-'MEMORIA DE CAL.'!$M101,0) -> 0 | P101: ='MEMORIA DE CAL.'!$L101+'MEMORIA DE CAL.'!$N101-'MEMORIA DE CAL.'!$O101 -> 0.3
...
